Workbook
Name _GoBack: 'Introduction to the research'!$A$6

Sheet Introduction to the research
A1: Consumers engagement in knowledge sharing with business organizations (enterprises) and public organizations (i.e. schools, public administration)
A2: Dr Roisin Mullins and Dr Sandra Dettmer
A3: (this file shouldn't be used and copied without authors' permission. Contact to the authors: r.mullins@uwtsd.ac.uk)
A5: Knowledge is a strategic advantage which helps business and public organizations sustain as well as maintain their market competitiveness . Moreover, customer knowledge becomes an essential intangible asset for every line of business and public adminitration , leads to better response and respect toward customers, makes a contribution towards new and innovative products, contributes to the improvement of business value, and enhances the competitiveness of businesses. Consumers who share their knowledge with enterprises with the aim of creating values and benefits for enterprises and their own consumption are known as “prosumers,” whereas the process in which they share knowledge with enterprises is consistent with the notion of “prosumption” (for more detailed information read: ). In general, prosumption refers to situations in which prosumers share knowledge not only with enterprises, but also with other prosumers to produce things of value for enterprises, and also for themselves. They can share knowledge voluntary and do not expect any tangible benefits. Other times they share knowledge under the condition of obtaining certain benefits in return, such as rewards or fulfilling personal goals. To share their knowledge individuals use ICT. For more information you may read: 1) Investigating incentives that encouraged and can encourage Polish and UK-based prosumers to engage in knowledge sharing: www.iiakm.org/ojakm/articles/2017/volume5_1/OJAKM_Volume5_1pp72-100.pdf; 2) Identifying more about customers: the phenomenon of the switch to the knowledge exchange: www.iiakm.org/ojakm/articles/2016/volume4_1/OJAKM_Volume4_1pp165-179.pdf 3) Information and Communication Technologies for Supporting Prosumers Knowledge Sharing – Evidence from Poland and United Kingdom: https://fedcsis.org/proceedings/2016/drp/285.html 4) Tapscott, Williams, Wikinomics, 2008; 5) Toffler, The third wave, 1980
A6: Practical cases of the prosumption:
A7: https://www.shoesofprey.com/
A8: https://www.lego.com/en-gb/friends/explore/friends-designer?ignorereferer=true
A10: The research puropses are:
A11: a) the identification of business and public organisations which are promoting prosumptions projects and thus engaging prosumers to knowledge sharing;
A12: b) the identification of products and services in creation of which prosumers knowledge is use;
A13: c) the identification of business processes in which prosumers share their knowledge to create a new or to improve an existing product or service;
A14: d) the identification of the ways which prosumers may use to share their knowledge;
... A16: f) the identification of information and communication technologies (ICT) which serve as a tool to knowledge sharing

Sheet BP - model
B1: The model of business processes
B3: Business process | C3: Possibilities of prosumers' participation
B4: 2.0 Develop and Manage Products and Services | C4: • products’ designing (colors, shape or design of product); • materials requirement (with what kind of materials the product should be done); • graphic elements (e.g. logo or package); • improving functionality of product; • improving reliability and durability of product; • improving ease of product use; • improving efficiency of product; • improving ICT made available to consumers
B6: 3.0 Market and Sell Products and Services | C6: • creating advertising spots or taking part in marketing campaigns; • influencing products’ prices; • influencing promotions, discounts or loan programs; • influencing product availability and new distribution channels
B7: 4.0 Deliver Products and Services | C7: • improving ordering process • establishing new ways of ordering products and their delivery
B8: 5.0 Manage Customer Service | C8: • improving quality and lead time of customer service • improving handling complaints and warranty services • defining success factors of effective and professional customer service

Sheet Business Processes
A1: PROSUMER BUSINESS PROCESSES TO IMPROVE PRODUCT OR SERVICE
A2: To share knowledge to create new or improve existing product or service
A3: NOTE:
A4: Empty cells should be filled in by the URL addresses (i.e. https://www.shoesofprey.com/) of the web pages on which it was possible to observe prosumers activities connected with their ideas or knowledge. Subsequently these URLs will be use to verify the realibilty of gathered data.
A5: Company name and name of the product (B and C columns) you should type just ONCE only in this sheet. It should be copied to the others sheet automatically.
A7: NO. | B7: Company name | C7: Number of Employees | D7: Company Size (Using IF Function) SMALL <250 MEDIUM 250 - 500 LARGE 500 - 1000 MEGGA >1000 | E7: Business Sector - Broad Version (Use Drop Down list) | F7: Business Sector | G7: Evidence of Sustainability focus (YES/NO) | H7: If Sustainability - where is the evidence ? State words and expressions used | I7: If Sustainability - where is the evidence - state the web site | J7: Short description of observed prosumers activity | K7: Do you contribute to ideas for Products’ (designing parts of products) | L7: Ideas or suggestions relating to materials used in the production process (with what kind of material the product/part of the product should be done) | M7: Ideas or suggestions relating to the products' look and their packaging | N7: Ideas or suggestions relating to the products' functionality | O7: Ideas or suggestions relating to reliability of the products | P7: Ideas or suggestions relating to convenience / usage of the products | Q7: Ideas or suggestions relating to the products' efficiency | R7: Ideas or suggestions relating to advertising spots and marketing campaigns | S7: Ideas or suggestions relating to products' prices, discounts and promotions | T7: Ideas or suggestions relating to loan programs | U7: Ideas or suggestions relating to the possible to deliver the products | V7: Ideas or suggestions relating to the ordering processes | W7: Ideas or suggestions relating to the handling of consumers' complaints and warranty services | X7: Ideas or suggestions relating to the quality and lead time of customer service | Y7: Other
A8: 1 | B8: https://www.pukkaherbs.com/ | C8: 70 | D8: =IF(C8<250,"SMALL",IF(C8<500,"MEDIUM",IF(C8<1000,"LARGE","MEGGA"))) -> SMALL | E8: Food Retail | F8: Tea | G8: YES | H8: Donating to enviromental charities and 100% of their teas are Fair for Life. 1% for the Planet,1% turNOver to environmental and social causes sourcing 100% organic ingredients to reducing our carbon footprint; 100% Certified organic herbs, protecting people, plants and planet £89K Invested into Community in 2016, fair premium funds for producers and communities, Renewable electricity from British sunshine, wind and rain, zero waste to landfill, helping to keep our operational footprint light | I8: https://www.pukkaherbs.com/your-wellbeing/stories/planet/sustainability-at-pukka/ https://www.pukkaherbs.com/media/76569880/pukka-sustainability-highlights-2016.pdf https://www.pukkaherbs.com/our-mission/inspiring-change/ | J8: https://www.pukkaherbs.com/your-wellbeing/stories/people/partners/bizgive/ https://www.pukkaherbs.com/media/76569880/pukka-sustainability-highlights-2016.pdf https://www.pukkaherbs.com/our-mission/inspiring-change/ | Y8: Use the website to suggest via voting on how to donate to community projects.
A9: 2 | B9: www.Dell.com | C9: 101,800 | D9: =IF(C9<250,"SMALL",IF(C9<500,"MEDIUM",IF(C9<1000,"LARGE","MEGGA"))) -> MEGGA | E9: Technology | F9: Technology | G9: YES | H9: YES Dell incorporates sustainability into their business from recycling to design. Dell's partners will intercept ocean plastics at the source (in waterways, shorelines and beaches), before they reach the ocean. Partner companies will then process and refine the recovered plastics, mixing them with other recycled plastics to create packaging for deliveries. | I9: http://www.dell.com/learn/us/en/uscorp1/dell-environment?c=us&l=en&s=corp http://www.telegraph.co.uk/connect/better-business/business-sustainability/business-put-planet-first-in-2018/ | J9: http://www.ideastorm.com/ | K9: YES | L9: YES | M9: YES | N9: YES | O9: YES | P9: YES | Q9: YES | R9: YES | S9: YES | V9: YES | W9: YES | X9: YES | Y9: Web site encourages suggestions from consumers, and upload articles to vote on, and create time limited sessions for consumers to discuss an issue
A10: 3 | B10: https://twitter.com/ | C10: 3583 | D10: =IF(C10<250,"SMALL",IF(C10<500,"MEDIUM",IF(C10<1000,"LARGE","MEGGA"))) -> MEGGA | E10: Media | F10: Private | G10: YES | H10: Corporate executives take to Twitter to cover sustainability-based topics | I10: https://www.theguardian.com/sustainable-business/blog/twitter-csr-corporate-social-responsibility-communications | J10: https://books.google.co.uk/books?isbn=1473987490 | K10: NO | L10: NO | M10: NO | N10: NO | O10: NO | P10: NO | Q10: NO | R10: YES | S10: NO | T10: NO | U10: NO | V10: NO | W10: NO | X10: YES
A11: 4 | B11: https://www.amazon.co.uk/ | C11: 541,900 | D11: =IF(C11<250,"SMALL",IF(C11<500,"MEDIUM",IF(C11<1000,"LARGE","MEGGA"))) -> MEGGA | E11: Retail | F11: Private | G11: YES | H11: AWS commits to running business in the most environmentally friendly way | I11: https://www.amazon.co.uk/p/feature/kn3cxony42ececj | J11: https://www.amazon.co.uk/ | K11: YES | L11: YES | M11: YES | N11: YES | O11: YES | P11: YES | Q11: YES | R11: YES | S11: YES | T11: NO | U11: YES | V11: YES | W11: YES | X11: YES
A12: 5 | B12: https://www.facebook.com/ | C12: 25,105 | D12: =IF(C12<250,"SMALL",IF(C12<500,"MEDIUM",IF(C12<1000,"LARGE","MEGGA"))) -> MEGGA | E12: Media | F12: Private | G12: YES | H12: Give people the power to build community and bring the world closer together | I12: https://sustainability.fb.com/ | J12: https://www.facebook.com/ | K12: NO | L12: NO | M12: NO | N12: NO | O12: NO | P12: NO | Q12: NO | R12: YES | S12: YES | T12: NO | U12: NO | V12: NO | W12: NO | X12: YES
A13: 6 | B13: https://www.uber.com/ | C13: 12,000 | D13: =IF(C13<250,"SMALL",IF(C13<500,"MEDIUM",IF(C13<1000,"LARGE","MEGGA"))) -> MEGGA | E13: Transport | F13: Private | G13: YES | H13: Uber will decrease carbon emissions in cities by lessening people'e reliance on personal automobiles | I13: https://motherboard.vice.com/en_us/article/78kkj9/is-uber-good-or-bad-for-the-environment | J13: https://www.uber.com/ | K13: NO | L13: NO | M13: NO | N13: NO | O13: YES | P13: YES | Q13: YES | R13: NO | S13: YES | T13: NO | U13: NO | V13: NO | W13: NO | X13: YES
A14: 7 | B14: https://www.youtube.com/ | C14: 2000 | D14: =IF(C14<250,"SMALL",IF(C14<500,"MEDIUM",IF(C14<1000,"LARGE","MEGGA"))) -> MEGGA | E14: Media | F14: Private | G14: YES | H14: Usage of green electricity and making data centres as efficient as possible | I14: https://rankabrand.org/websites/YouTube | J14: https://www.youtube.com/ | K14: YES | L14: NO | M14: NO | N14: YES | O14: YES | P14: YES | Q14: YES | R14: YES | S14: YES | T14: NO | U14: NO | V14: NO | W14: NO | X14: YES
A15: 8 | B15: https://www.o2.co.uk/ | C15: 700 | D15: =IF(C15<250,"SMALL",IF(C15<500,"MEDIUM",IF(C15<1000,"LARGE","MEGGA"))) -> LARGE | E15: Communication | F15: Technology | G15: YES | H15: Big Blueprint, Carbon print, 12 million customers encouraged to make different choices, such as rating the sustainability credentials of the phones they buy. | I15: https://www.o2.co.uk/thinkbig/history | J15: http://static.o2.co.uk/www/docs/thinkbig/think-big-blueprint-1-progress-report-2012-to-2015.pdf | K15: YES | L15: YES | N15: YES | O15: YES | P15: YES | Q15: YES | R15: YES | S15: YES | U15: YES | V15: YES | W15: YES | Y15: Website clearly shows different packages to allow consumers to chose the best package for themselves. Website provides contact details for issues or questions. There is access to complain
A16: 9 | B16: https://www.apple.com/uk/ | C16: 123,000 | D16: =IF(C16<250,"SMALL",IF(C16<500,"MEDIUM",IF(C16<1000,"LARGE","MEGGA"))) -> MEGGA | E16: Technology | F16: Technology | G16: YES | H16: We’ve made energy efficiency a priority across all of our facilities | I16: https://images.apple.com/euro/environment/pdf/f/generic/Apple_Environmental_Responsibility_Report_2017.pdf | J16: https://support.apple.com/en-gb | L16: YES | N16: YES | O16: YES | P16: YES | Q16: YES | R16: YES | S16: YES | T16: YES | W16: YES | X16: YES | Y16: website encourages feedback and provides links for many different topics relating to their products
A17: 10 | B17: http://ee.co.uk/ | C17: 10000 | D17: =IF(C17<250,"SMALL",IF(C17<500,"MEDIUM",IF(C17<1000,"LARGE","MEGGA"))) -> MEGGA | E17: Communication | F17: Technology | G17: YES | H17: Reduce our carbon emissions by 50% by 2015, based on our 2010 baseline | I17: http://ee.co.uk/our-company/corporate-responsibility/building-trust/the-environment | J17: http://ee.co.uk/our-company/corporate-responsibility/building-trust/our-customers | N17: YES | O17: YES | P17: YES | Q17: YES | R17: YES | S17: YES | T17: YES | W17: YES | X17: YES | Y17: website consists of links which lead to alternative information
A18: 11 | B18: https://www.ikea.com/gb/en/ | C18: 137000 | D18: =IF(C18<250,"SMALL",IF(C18<500,"MEDIUM",IF(C18<1000,"LARGE","MEGGA"))) -> MEGGA | F18: Private | G18: YES | H18: Sustainably sourced solid wood - HAVSTA We love wood and always look for ways to use it wisely, sourcing it according to high set standards. HAVSTA, a new storage family made from solid wood with its roots in Scandinavian design and craftsmanship, is an example of that. Our long-term goal is that all the wood we use will come from more sustainable sources by 2020.. | I18: https://www.ikea.com/gb/en/doc/general-document/ikea-read-more-about-our-2020-goal-pdf__1364651254730.pdf | J18: https://www.ikea.com/gb/en/this-is-ikea/the-ikea-concept/ | K18: No | L18: No | M18: No | N18: No | O18: No | P18: No | Y18: website consists of links which lead to alternative information
A19: 12 | B19: https://www.mcdonalds.com/gb/en-gb.html | C19: 110000 | D19: =IF(C18<250,"SMALL",IF(C18<500,"MEDIUM",IF(C18<1000,"LARGE","MEGGA"))) -> MEGGA | F19: Fast Food Restaurant Chain | G19: YES | H19: We only use sustainable - sourced fish. Our famous Filet-o-Fish® and Happy Meal® Fish Fingers use Hoki or Pollock. All our fish comes from Marine Stewardship Council certified sustainable fisheries, which means we’re helping to safeguard fish stocks for the future. | I19: https://www.mcdonalds.com/gb/en-gb/good-to-know/about-our-food/fish.html | J19: Unable to find information on website but on visiting a number of McDonalds the consumer is now able to order via a touch screen and customise their food. | K19: Yes | L19: Yes | M19: No | N19: No | P19: Yes | R19: No | S19: No | T19: No | U19: Yes | V19: Yes | W19: No | X19: No | Y19: Website encourages feedback and provides links for many different topics relating to their products.
A20: 13 | B20: https://www.samsung.com/uk/ | C20: 320671 | D20: =IF(C19<250,"SMALL",IF(C19<500,"MEDIUM",IF(C19<1000,"LARGE","MEGGA"))) -> MEGGA | F20: Technology | G20: YES | H20: At Samsung, our sustainability management aims to create integrated values. Not only do we create economic values by maximising profits and shareholder values, but also we take on a stronger responsibility as a global citizen to create social values. As we deliver innovative products and services along the value chain, which is based on the core values we pursue at Samsung, we generate values in the fields of economy, society, and environment. We monitor the financial and non-financial impact that we exert on society throughout the process so that we maximise our positive impact. | I20: https://www.samsung.com/uk/aboutsamsung/sustainability/strategy/ | J20: https://www.samsung.com/uk/retail/retail/ | K20: YES | L20: YES | M20: NO | N20: YES | O20: YES | P20: YES | Q20: YES | R20: YES | S20: YES | T20: NO | U20: YES | V20: YES | W20: YES | X20: NO | Y20: Website shows different packages from mobile phones to televisions and allows consumers to chose the best package for themselves. Website provides contact details for issues or questions.
A21: 14 | B21: https://www.loreal.com/ | C21: 82600 | D21: =IF(C20<250,"SMALL",IF(C20<500,"MEDIUM",IF(C20<1000,"LARGE","MEGGA"))) -> MEGGA | F21: Hair & Beauty | G21: YES | H21: As part of L’Oréal’s sustainability programme, Sharing Beauty With All, the Group set itself a series of tangible commitments towards 2020. They address all its impacts and engage its whole value chain – from product design to distribution, including the production process and the sourcing of raw materials. The commitments are organised into four pillars. | I21: https://sharingbeautywithall.loreal.com/ | J21: https://www.loreal.com/contact-us | K21: YES | L21: YES | M21: NO | N21: YES | O21: YES | P21: YES | Q21: YES | R21: NO | S21: NO | T21: NO | U21: NO | V21: NO | W21: YES | X21: NO | Y21: Website encourages suggestions and feedback.
A22: 15 | B22: https://www.nike.com | C22: 73000 | D22: =IF(C21<250,"SMALL",IF(C21<500,"MEDIUM",IF(C21<1000,"LARGE","MEGGA"))) -> MEGGA | F22: Clothing Retail | G22: YES | H22: Flyknit technology prevents millions of pounds of waste from ever reaching the landfill, delivering the lightest, strongest and most adaptive footwear ever created by Nike. | I22: https://www.nike.com/gb/en_gb/c/sustainability | J22: https://www.nike.com/gb/en_gb/c/nikeid | K22: YES | L22: YES | M22: YES | N22: YES | O22: YES | P22: YES | Q22: YES | R22: NO | S22: NO | T22: NO | U22: YES | V22: YES | W22: YES | X22: YES | Y22: Service via their website where you can design and customise your own trainers from start to finish.
A23: 16 | B23: https://www.burgerking.co.uk/ | C23: 34248 | D23: =IF(#REF!<250,"SMALL",IF(#REF!<500,"MEDIUM",IF(#REF!<1000,"LARGE","MEGGA"))) -> #REF! | F23: Fast Food Restaurant Chain | G23: YES | H23: The ongoing global debate regarding the role of business in sustainability has highlighted many of the challenges and expectations among all businesses, including the quick-service restaurant industry. We continuously review our policies on animal welfare, sourcing and environmental impact to ensure that we remain good corporates citizens in the communities we serve. Our people are engaged and committed. Our teams actively research and develop ways to make changes that will positively impact the environment without compromising operational standards. For example, we know that recycling and waste management are two of our biggest environmental challenges. We remain committed to working with suppliers to find ways we can reduce, reuse and recycle. | I23: https://www.burgerking.co.uk/corp-respon | J23: https://www.bk-feedback-uk.com/Index.aspx?c=091707 | K23: YES | L23: YES | M23: NO | N23: NO | O23: NO | P23: YES | S23: NO | T23: NO | U23: YES | V23: YES | W23: NO | X23: NO | Y23: Website encourages feedback via an experience survey.
A24: 17 | B24: https://www.dyson.co.uk/en.html | C24: 8500 | D24: =IF(C23<250,"SMALL",IF(C23<500,"MEDIUM",IF(C23<1000,"LARGE","MEGGA"))) -> MEGGA | F24: Private | G24: YES | H24: As a global technology enterprise, we recognise that our actions have far-reaching consequences. We rise to the challenge of making a positive difference - by lessening our impact on the environment, improving conditions for workers, and inspiring the design engineers of tomorrow. | I24: https://www.dyson.co.uk/inside-dyson/corporate-social-responsibility/dyson-csr-overview.html | J24: https://www.dyson.com.au/support/hd01/dyson-supersonic-purple-nickel-309701-01/using-your-dyson-appliance/functions/useful/feedback-form | K24: NO | L24: NO | M24: NO | N24: YES | O24: YES | P24: YES | Q24: YES | R24: NO | S24: NO | T24: NO | U24: YES | V24: NO | W24: NO | X24: NO | Y24: website encourages feedback and provides links for many different topics relating to their products
A25: 18 | B25: https://www.cadbury.co.uk/ | C25: 90000 | D25: =IF(C24<250,"SMALL",IF(C24<500,"MEDIUM",IF(C24<1000,"LARGE","MEGGA"))) -> MEGGA | F25: Food Retail | G25: YES | H25: Cadbury is proud to announce a new partnership with Fairtrade to support the roll out of Cocoa Life to Cadbury Dairy Milk products in 2018. The new partnership between Cocoa Life and Fairtrade builds on a relationship established in 2009, with Fairtrade becoming a partner for the Cocoa Life program. Through a US$400 million investment, Cadbury is working with Fairtrade to secure a positive future for 200,000 farmers and one million community members in six key cocoa growing countries by 2022. What is Cocoa Life? Cocoa Life is an industry-leading, independently verified program that will ensure the future of Cadbury chocolate for generations to come. Cocoa Life's Vision: We believe in creating empowered thriving cocoa communities as the essential foundation for sustainable cocoa. | I25: https://www.cadbury.com.au/About-Cadbury/Sustainable-Cocoa.aspx | J25: https://www.cadbury.com.au/About-Cadbury/Contact-Us.aspx | K25: YES | L25: YES | M25: NO | N25: NO | O25: NO | P25: NO | Q25: NO | R25: NO | S25: NO | T25: NO | U25: NO | V25: NO | W25: YES | X25: NO | Y25: Web site encourages suggestions from consumers
A26: 19 | B26: https://www.coca-cola.co.uk/ | C26: 700000 | D26: =IF(C25<250,"SMALL",IF(C25<500,"MEDIUM",IF(C25<1000,"LARGE","MEGGA"))) -> MEGGA | F26: Food Retail | G26: YES | H26: A World Without Waste: The Coca-Cola Company announces ambitious global sustainable packaging goal | I26: https://www.coca-cola.co.uk/sustainability-section | J26: https://www.coca-cola.co.uk/about-us/coca-cola-gbs-consumer-interaction-centre | K26: YES | L26: YES | M26: YES | N26: NO | O26: NO | P26: NO | Q26: NO | R26: YES | S26: NO | T26: NO | U26: NO | V26: NO | W26: YES | X26: YES | Y26: Website provides links and information regarding the Coca Cola rapid-response consumer interaction centre.
A27: 20 | B27: https://www.virginatlantic.com/ | C27: 8875 | D27: =IF(C26<250,"SMALL",IF(C26<500,"MEDIUM",IF(C26<1000,"LARGE","MEGGA"))) -> MEGGA | F27: Airline Company | G27: YES | H27: This is the name we give to our sustainability programme, because we believe that sustainability means changing things for the better. | I27: https://www.virginatlantic.com/gb/en/sustainability.html | J27: https://www.virginatlantic.com/contactus/pages/comment_complaint/index.jsp | K27: NO | L27: NO | M27: NO | N27: NO | O27: NO | P27: NO | Q27: NO | R27: NO | S27: NO | T27: NO | U27: NO | V27: NO | W27: YES | X27: NO
A28: 21 | B28: https://www.lego.com/en-gb/ | C28: 19000 | D28: =IF(C27<250,"SMALL",IF(C27<500,"MEDIUM",IF(C27<1000,"LARGE","MEGGA"))) -> MEGGA | F28: Retail | G28: YES | H28: We want to create positive impact on society, and an important part of this ambition is to reduce our environmental impact. We want to address climate change by reducing our emissions through improving our energy efficiency, and we want to source and use resources responsibly and to improve our waste management. This is to ensure we do not consume resources and materials at a faster rate than they are regenerated, so that future generations can also benefit from the same variety of resources and materials our generation has access to. | I28: https://www.lego.com/en-gb/aboutus/responsibility | J28: https://www.lego.com/en-gb/aboutus/contact/product-ideas | K28: YES | L28: YES | M28: YES | N28: YES | O28: YES | P28: YES | Q28: YES | R28: NO | S28: NO | T28: NO | U28: YES | V28: YES | W28: NO | X28: NO | Y28: Website encourages ideas for new concepts and products from Lego fans via their customer service link.
A29: 22 | B29: https://www.nike.com | C29: 73000 | D29: =IF(C28<250,"SMALL",IF(C28<500,"MEDIUM",IF(C28<1000,"LARGE","MEGGA"))) -> MEGGA | F29: Clothing Retail | G29: YES | H29: Flyknit technology prevents millions of pounds of waste from ever reaching the landfill, delivering the lightest, strongest and most adaptive footwear ever created by Nike. | I29: https://www.nike.com/gb/en_gb/c/sustainability | J29: https://www.nike.com/gb/en_gb/c/nikeid | K29: YES | L29: YES | M29: YES | N29: YES | O29: YES | P29: YES | Q29: YES | R29: NO | S29: NO | T29: NO | U29: YES | V29: YES | W29: YES | X29: YES | Y29: Service via their website where you can design and customise your own trainers from start to finish.
A30: 23 | B30: https://www.wilko.com/ | F30: Retail | G30: YES | H30: Sourcing products and services in a responsible way is central to our vision and values. We want to deliver quality and value, through products our customers want, at the best price they can afford, from suppliers around the globe. We work to make sure our sourcing practices won’t harm or disadvantage those who produce our products and that they have the lowest possible impact on the environment. We think this is equally as important whether we’re sourcing products or looking for services used for and by our own business. | I30: https://corporate.wilko.com/_pdfs/Wilko_Responsible_Sourcing_Policy_2017.pdf | J30: https://www.wilkohaveyoursay.com/websurvey/2/execute#/1 | K30: YES | L30: YES | M30: NO | N30: NO | O30: NO | P30: NO | Q30: NO | R30: NO | S30: NO | T30: NO | U30: YES | V30: YES | W30: NO | X30: NO | Y30: Website provides a link to a customer feedback form to leave feeback and suggestions.
A31: 24 | B31: https://www.toyota-global.com/ | C31: 369124 | D31: =IF(C31<250,"SMALL",IF(C31<500,"MEDIUM",IF(C31<1000,"LARGE","MEGGA"))) -> MEGGA | F31: Car Manufacturer | G31: YES | H31: Toyota has decided to challenge itself to reduce vehicle CO2 emissions by 90 percent in comparison with 2010 levels, by 2050. We will promote the development of next-generation vehicles and further accelerate the spread of these vehicles. | I31: https://www.toyota-global.com/sustainability/ | J31: https://www.toyota.co.uk/contact-us/ | K31: YES | L31: YES | M31: YES | N31: YES | O31: YES | P31: YES | Q31: YES | R31: NO | S31: NO | T31: YES | U31: YES | V31: YES | Y31: Website clearly shows different packages to allow consumers to chose the best package for themselves. Website provides contact details for issues or questions. There is access to complain
A32: 25 | B32: https://www.jnj.com/ | C32: 134000 | D32: =IF(C32<250,"SMALL",IF(C32<500,"MEDIUM",IF(C32<1000,"LARGE","MEGGA"))) -> MEGGA | F32: Retail | G32: YES | H32: At Johnson & Johnson we aspire to profoundly change the trajectory of health for humanity. This aspiration includes positively impacting patients and all others who use our products, as well as the health of our employees, our communities and the planet. Our citizenship and sustainability approach is inextricably linked to our vision of a world where a healthy mind, body and environment is within reach for everyone, everywhere. It is grounded in Our Credo values and in our mission as a health care company, and reflected in how we operate our business. | I32: https://www.jnj.com/tag/sustainability | J32: https://www.ccc-consumercarecenter.com/UCUConfiguration?id=a0758000004NIaL | K32: NO | L32: YES | M32: NO | N32: YES | O32: YES | P32: YES | Q32: YES | R32: NO | S32: NO | T32: NO | U32: YES | V32: NO | W32: YES | X32: YES | Y32: Website provides a suggestions page.
A33: 26 | B33: https://www.kfc.co.uk/ | F33: Fast Food Restaurant Chain | G33: YES | H33: Our Sustainability Strategy has two key focus areas: sustainable stores and a sustainable supply chain | I33: https://www.kfc.com.au/sustainability | J33: https://u.kfcvisit.com/gbr?AspxAutoDetectCookieSupport=1 | K33: YES | L33: YES | M33: NO | N33: NO | P33: YES | R33: NO | S33: NO | T33: NO | U33: YES | V33: YES | W33: NO | X33: NO | Y33: Website encourages feedback and provides links for many different topics relating to their products.
A34: 27 | B34: https://www.nestle.co.uk/ | C34: 8000 | D34: =IF(C34<250,"SMALL",IF(C34<500,"MEDIUM",IF(C34<1000,"LARGE","MEGGA"))) -> MEGGA | F34: Food Retail | G34: YES | H34: As the leading Nutrition, Health and Wellness company we strive to enhance the quality of life for our consumers everywhere with tasty, nutritious and healthy food and beverages. We understand that this sense of well-being also requires that our products are made in a caring and responsible way that preserves the environment for future generations. Read our Water and Environmental Sustainability Policy (pdf, 349Kb) | I34: https://www.nestle.com/randd/environmental-sustainability | J34: https://www.nestle.co.uk/getintouch/emailme | K34: NO | L34: NO | M34: YES | N34: NO | O34: NO | P34: NO | Q34: NO | R34: NO | S34: NO | T34: NO | U34: YES | V34: YES | W34: NO | X34: NO | Y34: Website provides feedback/request page. There is also a section where consumers can make suggestions regarding products packaging and how to make it more convenient for consumers such as the eldery or arthritis sufferers.
A35: 28 | B35: https://www.unilever.co.uk/ | C35: 172000 | D35: =IF(C35<250,"SMALL",IF(C35<500,"MEDIUM",IF(C35<1000,"LARGE","MEGGA"))) -> MEGGA | F35: Retail | G35: YES | H35: For over 120 years we’ve been pioneers, innovators and changemakers. From one life-saving soap to many world-changing brands. But the world moves fast, and every day we learn how much more we can – and must – do. Eights years ago, we created the Unilever Sustainable Living Plan (USLP) to build a business that the world could be proud of. | I35: https://www.unilever.co.uk/sustainable-living/ | J35: https://www.unilever.com/about/innovation/open-innovation/ | K35: YES | L35: YES | M35: YES | N35: YES | O35: YES | P35: YES | Q35: YES | R35: NO | S35: NO | T35: NO | U35: YES | V35: YES | W35: NO | X35: NO | Y35: Webite offers usual feedback form for consumers to inpout ideas or suggestions. There is also an open innovation programmen where consumers can design new products or develop existing ones.
A36: 29 | B36: https://www.tescoplc.com/ | C36: 500000 | D36: =IF(C36<250,"SMALL",IF(C36<500,"MEDIUM",IF(C36<1000,"LARGE","MEGGA"))) -> MEGGA | F36: Supermarket Chain | G36: YES | H36: As a food business, our long-term success depends on the health of the natural environment. From the fresh fruit, vegetables, meat and fish we sell to the raw materials that go into our other products, they all come from natural ecosystems. We therefore have a role to play in protecting the environment – starting from understanding and addressing the impacts in our operations and supply chain. Doing so can also increase our resilience to risk, help secure the supply of our products and provide opportunities to save money. | I36: https://www.tescoplc.com/little-helps-plan/products-sourcing/reducing-our-impact-on-the-environment/ | J36: https://www.tescoviews.com/websurvey/2/execute#/1 | K36: NO | L36: NO | M36: NO | N36: YES | O36: YES | P36: YES | Q36: YES | R36: NO | S36: NO | T36: NO | U36: YES | V36: YES | W36: YES | X36: YES | Y36: website consists of links which lead to alternative information
A37: 30 | B37: https://investors.petsathome.com/ | C37: 7000 | D37: =IF(C37<250,"SMALL",IF(C37<500,"MEDIUM",IF(C37<1000,"LARGE","MEGGA"))) -> MEGGA | F37: Retail | G37: YES | H37: At every stage of our retailer operations, we make efforts to reduce the amount of packaging waste we produce. This includes contacting suppliers and asking them to reduce the packaging they use, as well as conducting environmental assessments on all of our own-label packaging and using recyclable or bio-degradable materials wherever possible. Every little change we can make to reduce our packaging waste we take action on; for example, we reduced the thickness of the foil we need to use for certain products, so we use less of it! | I37: http://www.petsathome.com/shop/en/pets/about-us/responsible-retailing/caring-for-the-enviroment | J37: https://www.petsathome.com/shop/en/pets/contact-us | K37: YES | L37: NO | M37: NO | N37: YES | O37: YES | P37: YES | Q37: YES | R37: NO | S37: NO | T37: NO | U37: YES | V37: YES | W37: NO | X37: NO | Y37: website consists of links which lead to alternative information
A38: 31 | B38: http://www.kraftheinzcompany.com/index.html | C38: 39000 | D38: =IF(C38<250,"SMALL",IF(C38<500,"MEDIUM",IF(C38<1000,"LARGE","MEGGA"))) -> MEGGA | F38: Food Retail | G38: YES | H38: From our quality controls to the relationships we have with our growers and suppliers, we are committed to responsible, sustainable practices extending to every facet of our business. | I38: http://www.kraftheinzcompany.com/corporate-social-responsibility.html | J38: http://www.kraftheinzcompany.com/terms.html | K38: YES | L38: YES | M38: YES | N38: YES | O38: YES | P38: YES | Q38: YES | R38: NO | S38: NO | T38: NO | U38: NO | V38: NO | W38: YES | X38: YES | Y38: Website has a concepts, suggestions, ideas, or other recommendations page that you can communicate to Kraft Heinz through in any format (an “Idea Submission”).
A39: 32 | B39: https://www.biffa.co.uk/ | C39: 7500 | D39: =IF(C39<250,"SMALL",IF(C39<500,"MEDIUM",IF(C39<1000,"LARGE","MEGGA"))) -> MEGGA | F39: Commercial Waste Management | G39: YES | H39: Corporate social responsibility is at the heart of everything we do at Biffa. Learn more about our environmental policies, community funding projects and accreditations. | I39: https://www.biffa.co.uk/sustainability/ | J39: https://www.biffa.co.uk/customer-feedback-2/ | L39: YES | N39: YES | O39: YES | P39: YES | Q39: YES | W39: YES | X39: YES | Y39: website encourages feedback and provides links for many different topics relating to their services.
A40: 33 | B40: https://www.clarks.com/index.html | C40: 14000 | D40: =IF(C40<250,"SMALL",IF(C40<500,"MEDIUM",IF(C40<1000,"LARGE","MEGGA"))) -> MEGGA | F40: Footwear Retail | G40: YES | H40: Clarks are proud supporters of the British Retail Consortium’s Better Retail, Better World initiative. This allows us to integrate the way we do business into key UN Sustainable Development Goals that are relevant to our industry and our operations. | I40: https://www.clarks.com/corporate-responsibility/ | J40: https://www.clarkscustomerfeedback.com/gbr?AspxAutoDetectCookieSupport=1 | K40: YES | L40: YES | M40: YES | N40: YES | O40: YES | P40: YES | Q40: NO | R40: NO | S40: NO | U40: YES | V40: YES | Y40: Website provides a customer suggestions and feedback form with the incentive to be added into a prize draw.
A41: 34 | B41: https://www.about.sainsburys.co.uk/ | C41: 13000 | D41: =IF(C41<250,"SMALL",IF(C41<500,"MEDIUM",IF(C41<1000,"LARGE","MEGGA"))) -> MEGGA | F41: Supermarket Chain | G41: YES | H41: We support the UN Sustainable Development Goals and want to play our part in tackling climate change, injustice and inequality and ending poverty. These 17 Goals also offer great economic opportunity and in a highly competitive industry like ours, they make strong commercial sense. | I41: https://www.about.sainsburys.co.uk/making-a-difference/our-values | J41: https://help.sainsburys.co.uk/help/products/product-request-after | K41: NO | L41: NO | M41: NO | N41: YES | O41: YES | P41: YES | Q41: YES | R41: NO | S41: NO | T41: NO | U41: YES | V41: YES | W41: YES | X41: YES | Y41: website consists of links which lead to alternative information. Also a products request page, where you can suggest products for them to stock in their stores and a feedback and suggestions page.
A42: 35 | B42: https://corporate.marksandspencer.com/home | C42: 80000 | D42: =IF(C42<250,"SMALL",IF(C42<500,"MEDIUM",IF(C42<1000,"LARGE","MEGGA"))) -> MEGGA | F42: Department Store - Retail | G42: YES | H42: Plan A is our way to help build a sustainable future by being a business that enables our customers to have a positive impact on wellbeing, communities and the planet through all that we do. | I42: https://corporate.marksandspencer.com/plan-a | J42: https://www.marksandspencer.com/MSContactUsCmd?storeId=10151&langId=-24&catalogId=10051&categoryId=282501&byEmail=9 | K42: YES | L42: NO | M42: NO | N42: YES | O42: YES | P42: YES | Q42: YES | R42: NO | S42: NO | U42: YES | V42: YES | W42: YES | X42: YES | Y42: Website encourages feedback and suggestions.
A43: 36 | B43: https://www.harrods.com/en-gb/harrods-group | C43: 10000 | D43: =IF(C43<250,"SMALL",IF(C43<500,"MEDIUM",IF(C43<1000,"LARGE","MEGGA"))) -> MEGGA | F43: Department Store - Retail | G43: YES | H43: As a luxury retail business and a well-known British brand, we know that our stakeholders – employees, customers, the local community and our investors – expect us to conduct business in a thoroughly responsible, transparent and ethical manner. We focus our efforts on four key areas; workplace, marketplace, environment and community. | I43: https://www.harrodscareers.com/corporate-responsibility | J43: https://www.harrods.com/en-gb/contact-us?icid=footer_customer-services_contact-us | L43: YES | N43: YES | O43: YES | P43: YES | Q43: YES | R43: YES | S43: YES | T43: YES | W43: YES | X43: YES | Y43: website encourages feedback and provides links for many different topics relating to their products and services.
A44: 37 | B44: https://www.poundland.co.uk/ | C44: 18000 | D44: =IF(C44<250,"SMALL",IF(C44<500,"MEDIUM",IF(C44<1000,"LARGE","MEGGA"))) -> MEGGA | F44: Retail | G44: YES | H44: At Poundland, we aim to buy and sell our products responsibly – so our customers know that everything they buy is produced under fair conditions. We have a clear social and ethical accountability policy that we ask all suppliers to comply with. | I44: https://www.poundland.co.uk/corporate-information/corporate-social-responsibility/ | J44: https://www.poundland.co.uk/promotions/customer-survey/ | L44: YES | N44: YES | O44: YES | P44: YES | Q44: YES | R44: YES | S44: YES | T44: YES | W44: YES | X44: YES | Y44: website encourages feedback and provides links for many different topics relating to their products
A45: 38 | B45: http://www.newlookgroup.com/ | C45: 18200 | D45: =IF(C45<250,"SMALL",IF(C45<500,"MEDIUM",IF(C45<1000,"LARGE","MEGGA"))) -> MEGGA | F45: Retail | G45: YES | H45: Operating in an ethical and sustainable manner is central to the way we do business at New Look. | I45: http://www.newlookgroup.com/sustainability | J45: https://help-uk.newlook.com/hc/en-gb/sections/360002143331-Store-Feedback- | K45: YES | L45: NO | M45: NO | N45: YES | O45: YES | P45: YES | Q45: YES | R45: NO | S45: NO | T45: NO | U45: YES | V45: YES | W45: NO | X45: NO | Y45: website consists of links which lead to alternative information
A46: 39 | B46: https://www.aldi.co.uk/ | C46: 32000 | D46: =IF(C46<250,"SMALL",IF(C46<500,"MEDIUM",IF(C46<1000,"LARGE","MEGGA"))) -> MEGGA | F46: Retail | G46: YES | H46: Every day we work with amazing, dedicated people to ensure we are being fairer to farmers, raising money for great causes, inspiring kids to eat fresh and sourcing sustainable foods. | I46: https://www.aldi.co.uk/corporate-responsibility | J46: https://customerservice.aldi.co.uk/contact | K46: NO | L46: NO | M46: NO | N46: YES | O46: YES | P46: YES | Q46: YES | R46: NO | S46: NO | T46: NO | U46: YES | V46: YES | W46: YES | X46: YES | Y46: website has a products request page, where you can suggest products for them to stock in their stores and a feedback and suggestions page.
A47: 40 | B47: http://www.sportsdirectplc.com/ | C47: 17345 | D47: =IF(C47<250,"SMALL",IF(C47<500,"MEDIUM",IF(C47<1000,"LARGE","MEGGA"))) -> MEGGA | F47: Retail | G47: YES | H47: We recognise that we have a responsibility to manage the impact our business has on the environment, and we are committed to reducing this both now and in the future. We continue to comply with the Government’s Carbon Reduction Commitment, and have identified key areas where we can make a difference, in particular energy usage in our stores, transport and waste management. | I47: http://www.sportsdirectplc.com/corporate-responsibility/environment.aspx | J47: https://www.sportsdirect.com/customerservices/otherinformation | K47: YES | L47: NO | M47: NO | N47: YES | O47: YES | P47: YES | Q47: YES | R47: NO | S47: NO | T47: NO | U47: YES | V47: YES | W47: NO | X47: NO | Y47: website consists of links which lead to alternative information
A48: 41 | B48: https://www.volkswagen.co.uk/ | C48: 640000 | D48: =IF(C48<250,"SMALL",IF(C48<500,"MEDIUM",IF(C48<1000,"LARGE","MEGGA"))) -> MEGGA | F48: Car Manufacturer | G48: YES | H48: For Volkswagen, sustainability means pursuing economic, social and ecological objectives simultaneously and with equal energy. It is our aim to create lasting values, offer good working conditions, and conserve resources and the environment. | I48: https://www.volkswagenag.com/en/sustainability.html | J48: https://www.volkswagen.co.uk/new/golf-vii-pa | K48: YES | L48: YES | M48: YES | N48: YES | O48: YES | P48: YES | Q48: YES | R48: NO | S48: NO | T48: YES | U48: YES | V48: YES | Y48: Website clearly shows different packages to allow consumers to chose the best package for themselves. There is also a section where you can customise your vehicle to your exact specification. Website provides contact details for issues or questions. There is access to complain.
A49: 42 | B49: https://new.abb.com/ | C49: 134800 | D49: =IF(C49<250,"SMALL",IF(C49<500,"MEDIUM",IF(C49<1000,"LARGE","MEGGA"))) -> MEGGA | F49: Technology | G49: YES | H49: For ABB, sustainability is about balancing economic success, environmental stewardship and social progress to benefit all our stakeholders. Sustainability is part of ABB's corporate strategy and business success. | I49: https://new.abb.com/sustainability | J49: https://new.abb.com/news/detail/3883/prosumers-pave-path-to-energy-self-reliance-for-sustainable-living | K49: YES | L49: YES | M49: YES | N49: YES | O49: YES | P49: YES | Q49: YES | R49: YES | S49: YES | V49: YES | W49: YES | X49: YES | Y49: Web site encourages suggestions and product ideas from consumers.
A50: 43 | B50: https://www.microsoft.com/en-gb/about/ | C50: 131000 | D50: =IF(C50<250,"SMALL",IF(C50<500,"MEDIUM",IF(C50<1000,"LARGE","MEGGA"))) -> MEGGA | F50: Technology | G50: YES | H50: Microsoft aspires to enable a sustainable future by empowering every person and organization on the planet to thrive in a resource-constrained world. | I50: https://www.microsoft.com/en-us/corporate-responsibility/environmental-sustainability | J50: https://answers.microsoft.com/en-us/windows/forum/windows_8-windows_store/how-to-submit-product-suggestions-or-feedback/a9925a33-ea39-455c-b54c-cd65a6109519 | K50: YES | L50: YES | M50: YES | N50: YES | O50: YES | P50: YES | Q50: YES | R50: YES | S50: YES | V50: YES | W50: YES | X50: YES | Y50: Web site encourages suggestions and product ideas from consumers.
A51: 44 | B51: https://www.google.co.uk/about/ | C51: 88000 | D51: =IF(C51<250,"SMALL",IF(C51<500,"MEDIUM",IF(C51<1000,"LARGE","MEGGA"))) -> MEGGA | F51: Technology | G51: YES | H51: At Google, we strive to build sustainability into everything we do. | I51: https://sustainability.google/ | J51: https://support.google.com/a/answer/6284762?hl=en | K51: YES | L51: YES | M51: YES | N51: YES | O51: YES | P51: YES | Q51: YES | R51: YES | S51: YES | U51: NO | V51: NO | W51: NO | X51: NO | Y51: Web site encourages suggestions and ideas on certain systems from consumers.
A52: 45 | B52: https://www.vodafone.co.uk | C52: 103564 | D52: =IF(C52<250,"SMALL",IF(C52<500,"MEDIUM",IF(C52<1000,"LARGE","MEGGA"))) -> MEGGA | F52: Telecommunications | G52: YES | H52: By improving the energy efficiency of our operations and moving to purchase renewable electricity, we can substantially reduce our emissions, while our Internet of Things (IoT) technology can also help our customers to reduce theirs. | I52: https://www.vodafone.com/content/index/about/sustainability/index.html | J52: https://forum.vodafone.co.uk/t5/Network-queries/Vodafone-Suggestion-Contact/td-p/2576192 | N52: YES | O52: YES | P52: YES | Q52: YES | R52: YES | S52: YES | T52: YES | W52: YES | X52: YES | Y52: website consists of links which lead to alternative information
A53: 46 | B53: https://www.costa.co.uk/ | C53: 2121 | D53: =IF(C53<250,"SMALL",IF(C53<500,"MEDIUM",IF(C53<1000,"LARGE","MEGGA"))) -> MEGGA | F53: Food & Drink | G53: YES | H53: We’re constantly striving to reduce our impact on the environment. Wherever we can we recycle, use sustainable materials, technologically smart machinery and renewable energy. | I53: https://www.costa.co.uk/responsibility/ | J53: https://www.costa.co.uk/contact/ | K53: YES | L53: YES | M53: YES | N53: NO | R53: NO | S53: NO | T53: NO | U53: YES | V53: YES | W53: NO | X53: NO | Y53: website consists of links which lead to alternative information
A54: 47 | B54: https://www.asosplc.com/ | C54: 4000 | D54: =IF(C54<250,"SMALL",IF(C54<500,"MEDIUM",IF(C54<1000,"LARGE","MEGGA"))) -> MEGGA | F54: Retail | G54: YES | H54: We’re using our growing global reach to create, promote and sell products that are more socially and environmentally responsible. We’re also passionate about engaging our customers on sustainability. | I54: https://www.asosplc.com/corporate-responsibility/our-products/sustainable-sourcing-programme | J54: https://www.asos.com/discover/insiders/ | L54: YES | N54: YES | O54: YES | P54: YES | Q54: YES | R54: YES | S54: YES | T54: YES | W54: YES | X54: YES | Y54: website encourages feedback and provides links for many different topics relating to their products
A55: 48 | B55: https://www.bbc.co.uk/ | C55: 21000 | D55: =IF(C55<250,"SMALL",IF(C55<500,"MEDIUM",IF(C55<1000,"LARGE","MEGGA"))) -> MEGGA | F55: Media | G55: YES | H55: Environmental and sustainability issues have long been reflected in the programmes and content we make and broadcast, and it is important to us that they are also embedded in the way we operate and run the BBC. | I55: https://www.bbc.co.uk/responsibility/environment | J55: https://www.bbc.co.uk/commissioning/tv/ideas-from-the-public | K55: YES | L55: YES | M55: YES | N55: YES | O55: YES | P55: YES | Q55: YES | R55: YES | S55: YES | U55: NO | V55: NO | W55: NO | X55: NO | Y55: Web site encourages suggestions and ideas.
A56: 49 | B56: https://www.gsk.com/ | F56: Healthcare | G56: YES | H56: Being commercially successful and operating responsibly is how we will generate sustainable returns for our shareholders and deliver on our purpose, to help patients and consumers around the world, do more, feel better and live longer. | I56: https://www.gsk.com/en-gb/responsibility/ | J56: https://innovation.gsk.com/new-product-ideas | K56: YES | L56: YES | M56: YES | N56: YES | O56: YES | P56: YES | Q56: YES | R56: NO | S56: NO | T56: NO | U56: YES | V56: YES | W56: NO | X56: NO | Y56: Webite offers usual feedback form for consumers to inpout ideas or suggestions. There is also an open innovation programmen where consumers can design new products or develop existing ones.
A57: 50 | B57: https://corporate.asda.com/ | C57: 145000 | D57: =IF(C57<250,"SMALL",IF(C57<500,"MEDIUM",IF(C57<1000,"LARGE","MEGGA"))) -> MEGGA | F57: Supermarket Chain | G57: YES | H57: Here at Asda we take sustainability seriously. It’s all about making us a better business. Our focus on sustainability has seen us reduce our environmental impact. It also means weve saved money for our business, our suppliers' businesses and our customers. We are committed to continuing our work on sustainability and we're looking forward to making a real difference. | I57: https://sustainability.asda.com/ | J57: https://www.tellasda.com/ | K57: NO | L57: NO | M57: NO | N57: YES | O57: YES | P57: YES | Q57: YES | R57: NO | S57: NO | T57: NO | U57: YES | V57: YES | W57: YES | X57: YES | Y57: website consists of links which lead to alternative information. Also a products request page, where you can suggest products for them to stock in their stores and a feedback and suggestions page.
A58: 51 | B58: https://www.btplc.com/ | C58: 88000 | D58: =IF(C58<250,"SMALL",IF(C58<500,"MEDIUM",IF(C58<1000,"LARGE","MEGGA"))) -> MEGGA | F58: Telecommunications | G58: YES | H58: We’re happy to announce we’re working with Sagemcom to test and roll-out the Sustainability Assessor tool from BT’s Better Future Supplier Forum. | I58: https://www.btplc.com/Purposefulbusiness/Stories/Energyenvironment/supplychains/index.htm | J58: https://community.bt.com/t5/Ideas-Bank/idb-p/IdeasBank | K58: YES | L58: YES | M58: YES | N58: YES | O58: YES | P58: YES | Q58: YES | R58: YES | S58: YES | U58: NO | V58: NO | W58: NO | X58: NO | Y58: Web site encourages suggestions.
A59: 52 | B59: http://www.unitedbiscuits.com/ | C59: 7000 | D59: =IF(C59<250,"SMALL",IF(C59<500,"MEDIUM",IF(C59<1000,"LARGE","MEGGA"))) -> MEGGA | F59: Food Manufacturer | G59: YES | H59: After three years of strong progress towards its existing sustainability goals, United Biscuits (UB) is increasing its focus on the sustainability of the ingredients it sources. UB already sources responsibly and was one of the first companies to switch to the sourcing of sustainable palm oil, but is mindful that more than half of the carbon footprint of its products comes from its supply chain. | I59: https://pladisglobal.com/our-world/ | J59: http://www.unitedbiscuits.com/media-centre/contact-us/ | K59: NO | L59: NO | M59: YES | N59: NO | O59: NO | P59: NO | Q59: NO | R59: NO | S59: NO | T59: NO | U59: YES | V59: YES | W59: NO | X59: NO | Y59: There is a section on the website where consumers can make suggestions regarding products.
A60: 53 | B60: https://www.kelloggs.co.uk/en_GB/home.html | C60: 33000 | D60: =IF(C60<250,"SMALL",IF(C60<500,"MEDIUM",IF(C60<1000,"LARGE","MEGGA"))) -> MEGGA | F60: Food Manufacturer | G60: YES | H60: Each day, Kellogg makes strides toward sustainability. Our Chief Sustainability Officer and our Board of Directors’ Social Responsibility Committee ensure we stay serious about our commitment. They set guidelines for our sourcing activities, including our agricultural ingredients, and set measureable goals for reducing our emissions, water and energy use, and waste. | I60: https://www.kelloggs.co.uk/en_GB/what-we-believe/sustainability.html | J60: https://www.kelloggs.co.uk/en_GB/contact-us.html | K60: NO | L60: NO | M60: YES | N60: NO | O60: NO | P60: NO | Q60: NO | R60: NO | S60: NO | T60: NO | U60: YES | V60: YES | W60: NO | X60: NO | Y60: Website provides feedback/request page. There is also a section where consumers can make suggestions regarding products.
A61: 54 | B61: https://www.twinings.co.uk/ | F61: Tea | G61: YES | H61: At Twinings we believe that everyone has the right to a decent quality of life and to be able to provide for themselves and their families. Twinings aims to buy from the best estates, both in terms of quality and social standards, but even these can be improved further, which is what we aim to do | I61: https://www.twinings.co.uk/about-twinings/corporate-social-responsibility | J61: https://www.twinings.co.uk/contact-us | K61: NO | L61: YES | M61: NO | O61: NO | P61: NO | W61: NO | X61: NO | Y61: website consists of links which lead to alternative information
A62: 55 | B62: https://www.ferrero.com/ | C62: 30000 | D62: =IF(C62<250,"SMALL",IF(C62<500,"MEDIUM",IF(C62<1000,"LARGE","MEGGA"))) -> MEGGA | F62: Food Manufacturer | G62: YES | H62: The Ferrero Group’s approach to sustainability is currently based on the company’s social responsibility strategy: “Sharing values to create value”. | I62: https://www.ferrero.com/social-responsibility/share-values-to-create-value | J62: https://www.ferrero.com/group-news/Ferrero-launches-“FERRERO-HAZELNUT-AWARD-CONTEST”-to-support-research-and-innovation-in-the-haze | K62: YES | L62: NO | M62: NO | N62: NO | O62: NO | P62: NO | Q62: NO | R62: NO | S62: NO | T62: NO | U62: YES | V62: YES | W62: NO | X62: NO | Y62: Website provides feedback/request page. There is also a section where consumers can make suggestions regarding products packaging .
A63: 56 | B63: https://www.landrover.co.uk/index.html | F63: Car Manufacturer | G63: YES | H63: We’re proud that our business is booming and we recognise that this success comes with even greater responsibility to minimise the environmental impact of our operations. It’s a challenge we’re continuing to respond to as we increase manufacturing capacity around the world to meet growing customer demand. | I63: https://www.landrover.co.uk/explore-land-rover/responsibility/environmental-responsibility.html | J63: https://www.landrover.co.uk/build-your-own/index.html | K63: YES | L63: YES | M63: YES | N63: YES | O63: YES | P63: YES | Q63: YES | R63: NO | S63: NO | T63: YES | U63: YES | V63: YES | Y63: Able to design and create your own Land Rover to your own personal specification.
A64: 57 | B64: https://www.mars.com/uk/en/brands | C64: 34000 | D64: =IF(C64<250,"SMALL",IF(C64<500,"MEDIUM",IF(C64<1000,"LARGE","MEGGA"))) -> MEGGA | F64: Food Manufacturer | G64: YES | H64: We are currently implementing our Sustainable in a Generation Plan to grow in a way we can all be proud of. Combining business principles with science to shape our approach, we are focusing on three interconnected ambitions that foster our commitment to investing in the future, taking a long-term view and leaving the world in a better place for future generations. | I64: https://www.mars.com/global/sustainable-in-a-generation/our-approach-to-sustainability | J64: https://www.mars.com/uk/en/about-us/contact-us | K64: YES | L64: NO | M64: YES | N64: NO | O64: NO | P64: NO | Q64: NO | R64: NO | S64: NO | T64: NO | U64: YES | V64: YES | W64: NO | X64: NO | Y64: Website provides feedback/request page. There is also a section where consumers can make suggestions regarding products packaging and how to make it more convenient for consumers such as the eldery or arthritis sufferers.
A65: 58 | B65: https://pandoragroup.com/ | C65: 22300 | D65: =IF(C65<250,"SMALL",IF(C65<500,"MEDIUM",IF(C65<1000,"LARGE","MEGGA"))) -> MEGGA | F65: Jewellery Brand | G65: YES | H65: As one of the world’s leading jewellery brands, PANDORA feels obliged to support and advance the introduction of responsible business practices throughout the jewellery value chain. | I65: https://pandoragroup.com/CSR | J65: https://www.pandora.net/en-ie/campaigns/disney-mickeys-90 | K65: YES | L65: NO | M65: YES | N65: YES | O65: YES | P65: YES | Q65: YES | R65: NO | S65: NO | T65: NO | U65: YES | V65: YES | W65: NO | X65: NO | Y65: Website makes it possible to design your own jewellery and customise to personal specification.
A66: 59 | B66: http://www.pepsico.com/ | C66: 263000 | D66: =IF(C66<250,"SMALL",IF(C66<500,"MEDIUM",IF(C66<1000,"LARGE","MEGGA"))) -> MEGGA | F66: Food and Drink Manufacturer | G66: YES | H66: At the heart of PepsiCo is Performance with Purpose — our vision to deliver top-tier financial performance over the long term by integrating sustainability into our business strategy. Together with our business partners and leading organizations committed to positive change, we are determined to make our vision a reality. | I66: http://www.pepsico.com/sustainability | J66: https://reginagriffithpepsi.weebly.com/recommendation.html | K66: YES | L66: YES | M66: YES | N66: NO | O66: NO | P66: NO | Q66: NO | R66: YES | S66: NO | T66: NO | U66: NO | V66: NO | W66: YES | X66: YES | Y66: Website provides links and information regarding submitting new product suggestions and commenting upon current products available to consumers.
A67: 60 | B67: https://plc.autotrader.co.uk/ | F67: Digital Automotive Marketplace | G67: YES | H67: Corporate social responsibility (CSR) at Auto Trader is driven by our values and culture and is focused on making a difference to our employees, our industry and our communities | I67: https://plc.autotrader.co.uk/responsibility/ | J67: https://plc.autotrader.co.uk/contact-us/ | K67: YES | L67: NO | M67: YES | N67: YES | O67: NO | P67: NO | Q67: NO | R67: YES | S67: YES | T67: NO | U67: YES | V67: NO | W67: NO | X67: NO | Y67: It is possible to create your own personal selling page to market your vehicle.
A68: 61 | B68: https://www.axa.co.uk/home.aspx | C68: 166000 | D68: =IF(C68<250,"SMALL",IF(C68<500,"MEDIUM",IF(C68<1000,"LARGE","MEGGA"))) -> MEGGA | F68: Insurance Provider | G68: YES | H68: Our business is all about protecting people and companies over the long term. As a global insurer, we create value for customers and stakeholders while contributing to social stability and economic growth. Corporate responsibility is an essential part of our vision, and it drives our brand values, customer satisfaction and employee engagement. A risk and opportunity management issue, it allows us to reduce operational costs and risks on one hand, and presents opportunities in emerging commercial segments on the other. | I68: https://group.axa.com/en/about-us/corporate-responsibility-strategy | J68: https://www.axa.co.uk/insurance/personal/contact/ | K68: YES | L68: NO | M68: NO | N68: YES | O68: YES | P68: YES | R68: YES | S68: YES | T68: NO | V68: YES | W68: NO | X68: NO | Y68: Website offers customization of personal insurance plans to fit the needs of each individual.
A69: 62 | B69: https://us.pg.com/ | C69: 95000 | D69: =IF(C69<250,"SMALL",IF(C69<500,"MEDIUM",IF(C69<1000,"LARGE","MEGGA"))) -> MEGGA | F69: Manufacturing Company | G69: YES | H69: P&G Announces New Environmental Sustainability Goals Focused on Enabling and Inspiring Positive Impact in the World | I69: https://news.pg.com/press-release/pg-announces-new-environmental-sustainability-goals-focused-enabling-and-inspiring-pos | J69: https://pgconsumersupport.secure.force.com/ContactUs/articles/en_US/FAQ/How-do-I-give-you-my-idea-for-a-new-product?l=en_US&Brand=Always+discreet&Language=English-US&Country=United+States+of+America&fs=Search&pn=1 | K69: YES | L69: YES | M69: NO | N69: YES | O69: YES | P69: YES | Q69: YES | R69: NO | S69: NO | T69: NO | U69: NO | V69: NO | W69: YES | X69: NO | Y69: Website encourages suggestions and feedback.
A70: 63 | B70: https://www.warburtons.co.uk/ | C70: 4500 | D70: =IF(C70<250,"SMALL",IF(C70<500,"MEDIUM",IF(C70<1000,"LARGE","MEGGA"))) -> MEGGA | F70: Bread | G70: YES | H70: As a fifth generation family company, Warburtons believes in building a long term sustainable business. Our family values are the drivers for how we behave, and it is because of those that we care not just about what we do, but the way we do it. | I70: https://www.warburtons.co.uk/corporate/sustainability | J70: https://www.warburtons.co.uk/contact-us | K70: NO | L70: NO | M70: YES | N70: NO | O70: NO | P70: NO | Q70: NO | R70: NO | S70: NO | T70: NO | U70: YES | V70: YES | W70: NO | X70: NO | Y70: Website provides feedback/request page. There is also a section where consumers can make suggestions regarding products .
A71: 64 | B71: http://www.bernardmatthews.com/ | F71: Turkey and Meat Producer | G71: YES | H71: One thing we are passionate about is sustainability and we are making great strides in terms of our environmental performance. | I71: http://www.bernardmatthews.com/newsbites/biggreenplan | J71: http://www.bernardmatthews.com/contact-us | K71: NO | L71: NO | M71: YES | N71: NO | O71: NO | P71: NO | Q71: NO | R71: NO | S71: NO | T71: NO | U71: YES | V71: YES | W71: NO | X71: NO | Y71: Website provides feedback/request page. There is also a section where consumers can make suggestions regarding products .
A72: 65 | B72: https://www.itvplc.com/ | C72: 35000 | D72: =IF(C72<250,"SMALL",IF(C72<500,"MEDIUM",IF(C72<1000,"LARGE","MEGGA"))) -> MEGGA | F72: British Commercial TV Network | G72: YES | H72: As the largest commercial broadcaster in the UK and a growing international business, we have a unique asset in being able to reach millions of people on a weekly basis through our programmes and content. | I72: http://itvresponsibility.com/ | J72: https://www.itv.com/contactus | K72: YES | L72: YES | M72: YES | N72: YES | O72: YES | P72: YES | Q72: YES | R72: YES | S72: YES | U72: NO | V72: NO | W72: NO | X72: NO | Y72: Web site encourages suggestions and ideas.
A73: 66 | B73: https://www.jcb.com/en-gb | C73: 12000 | D73: =IF(C73<250,"SMALL",IF(C73<500,"MEDIUM",IF(C73<1000,"LARGE","MEGGA"))) -> MEGGA | F73: Equipment Manufacturer For Construction | G73: YES | H73: Providing a safe and healthy workplace is a core commitment to our people which spans our global operations. And as a world leading manufacturer our objective is to produce evermore sustainable solutions for our customers from evermore sustainable modes of operation. | I73: https://www.jcb.com/en-gb/about/corporate-responsibility | J73: https://www.greenshieldsjcb.com/generators/ | K73: YES | L73: YES | M73: YES | N73: YES | O73: YES | P73: YES | Q73: YES | R73: NO | S73: NO | T73: YES | U73: YES | V73: YES | Y73: Able to design and create your own JCB Vehicle to your own personal specification.
A74: 67 | B74: https://www.fiat.co.uk/ | C74: 235915 | D74: =IF(C74<250,"SMALL",IF(C74<500,"MEDIUM",IF(C74<1000,"LARGE","MEGGA"))) -> MEGGA | F74: Car Manufacturer | G74: YES | H74: FCA is committed to achieving profitable growth while always remaining mindful of how our actions affect the world in which we operate. Our approach to business is guided by the values of commitment, respect, integrity, and responsibility. We recognize that our activities affect not only our endeavor to grow the business but also our aspiration to positively affect our world. The entire organization is committed to this ambitious challenge. The FCA sustainability model is based on shared responsibility that begins with the top level of management and involves every area, function and employee within the organization. | I74: https://www.fcagroup.com/en-US/sustainability/Pages/default.aspx | J74: https://www.fiat.co.uk/fiat-500-range/fiat-500-configurator/ | K74: YES | L74: YES | M74: YES | N74: YES | O74: YES | P74: YES | Q74: YES | R74: NO | S74: NO | T74: YES | U74: YES | V74: YES | Y74: Able to design and create your own Fiat to your own personal specification.
A75: 68 | B75: https://www.aviva.co.uk/ | C75: 29600 | D75: =IF(C75<250,"SMALL",IF(C75<500,"MEDIUM",IF(C75<1000,"LARGE","MEGGA"))) -> MEGGA | F75: Insurance Provider | G75: YES | H75: We believe the Sustainable Development Goals can guide us, our customers, and society towards a brighter, sustainable future. | I75: https://www.aviva.com/social-purpose/ | J75: https://www.aviva.co.uk/contact-us/ | K75: YES | L75: NO | M75: NO | N75: YES | O75: YES | P75: YES | R75: YES | S75: YES | T75: NO | V75: YES | W75: NO | X75: NO | Y75: Website offers customization of personal insurance plans to fit the needs of each individual.
A76: 69 | B76: https://www.renault.co.uk/ | C76: 181344 | D76: =IF(C76<250,"SMALL",IF(C76<500,"MEDIUM",IF(C76<1000,"LARGE","MEGGA"))) -> MEGGA | F76: Car Manufacturer | G76: YES | H76: Even though the world has become aware of the scope of our environmental challenges, action still urgently needs to be taken. That’s why Groupe Renault, in collaboration with stakeholders, implements a voluntary environmental strategy. Our goal is to be at the centre of the action. It’s a daily responsibility based on innovation, in order to prepare for a better future. | I76: https://group.renault.com/en/our-commitments/respect-for-the-environment/ | J76: https://www.renault.co.uk/vehicles/configure.html | K76: YES | L76: YES | M76: YES | N76: YES | O76: YES | P76: YES | Q76: YES | R76: NO | S76: NO | T76: YES | U76: YES | V76: YES | Y76: Able to design and create your own Renault to your own personal specification.
A77: 70 | B77: https://www.zurich.co.uk/ | C77: 53000 | D77: =IF(C77<250,"SMALL",IF(C77<500,"MEDIUM",IF(C77<1000,"LARGE","MEGGA"))) -> MEGGA | F77: Insurance Provider | G77: YES | H77: Corporate responsibility (CR) is integrated into Zurich’s strategy. We aim to create sustainable value for all our stakeholders to ensure wwe meet and exceed the goals embodied by our purpose, values and our code of conduct. | I77: https://www.zurich.com/en/sustainability | J77: https://www.zurich.co.uk/en/about-us/contact-us | K77: YES | L77: NO | M77: NO | N77: YES | O77: YES | P77: YES | R77: YES | S77: YES | T77: NO | V77: YES | W77: NO | X77: NO | Y77: Website offers customization of personal insurance plans to fit the needs of each individual.

Sheet Sheet1

Sheet Knowledge sharing
A1: EXAMPLES OF PROSUMER KWLEDGE SHARING BY COMPANIES
A3: Empty cells should be filled in by the URL addresses (i.e. https://www.shoesofprey.com/) of the web pages on which it was possible to observe prosumers activities connected with their ideas or kwledge. Subsequently these URLs will be use to verify the realibilty of gathered data. Grey cells (B and C columns) are fulling in automatically.
A5: No | B5: Company name | C5: Short description of observed prosumers activity | D5: Do You - Evaluating products by scoring | E5: Evaluating products by placing comments | F5: Evaluating product in practice by testing | G5: Creating and designing products or their parts | H5: Other ways available for you to evaluate the products / services
A6: 1 | B6: ='Business Processes'!B8 -> https://www.pukkaherbs.com/ | C6: ='Business Processes'!J8 -> https://www.pukkaherbs.com/your-wellbeing/stories/people/partners/bizgive/ https://www.pukkaherbs.com/media/76569880/pukka-sustainability-highlights-2016.pdf https://www.pukkaherbs.com/our-mission/inspiring-change/ | E6: YES | F6: YES
A7: 2 | B7: ='Business Processes'!B9 -> www.Dell.com | C7: ='Business Processes'!J9 -> http://www.ideastorm.com/ | E7: YES | F7: YES | G7: YES | H7: Voting
A8: 3 | B8: ='Business Processes'!B10 -> https://twitter.com/ | C8: ='Business Processes'!J10 -> https://books.google.co.uk/books?isbn=1473987490 | F8: YES
A9: 4 | B9: ='Business Processes'!B11 -> https://www.amazon.co.uk/ | C9: ='Business Processes'!J11 -> https://www.amazon.co.uk/ | F9: YES
A10: 5 | B10: ='Business Processes'!B12 -> https://www.facebook.com/ | C10: ='Business Processes'!J12 -> https://www.facebook.com/ | F10: YES
A11: 6 | B11: ='Business Processes'!B13 -> https://www.uber.com/ | C11: ='Business Processes'!J13 -> https://www.uber.com/ | F11: YES
A12: 7 | B12: ='Business Processes'!B14 -> https://www.youtube.com/ | C12: ='Business Processes'!J14 -> https://www.youtube.com/ | F12: YES
A13: 8 | B13: https://www.o2.co.uk/ | C13: ='Business Processes'!J15 -> http://static.o2.co.uk/www/docs/thinkbig/think-big-blueprint-1-progress-report-2012-to-2015.pdf | E13: YES | F13: YES
A14: 9 | B14: https://www.apple.com/uk/ | C14: ='Business Processes'!J16 -> https://support.apple.com/en-gb | E14: YES | F14: YES | G14: YES
A15: 10 | B15: http://ee.co.uk/ | C15: ='Business Processes'!J17 -> http://ee.co.uk/our-company/corporate-responsibility/building-trust/our-customers | E15: YES | F15: YES
A16: 11 | B16: https://www.ikea.com/gb/en/ | C16: https://www.ikea.com/gb/en/this-is-ikea/the-ikea-concept/ | E16: YES | F16: YES
A17: 12 | B17: https://www.mcdonalds.com/gb/en-gb.html | C17: Unable to find information on website but on visiting a number of McDonalds the consumer is now able to order via a touch screen and customise their food. | E17: YES | F17: YES | G17: YES
A18: 13 | B18: https://www.samsung.com/uk/ | C18: https://www.samsung.com/uk/retail/retail/ | E18: YES | F18: YES
A19: 14 | B19: https://www.loreal.com/ | C19: https://www.loreal.com/contact-us | E19: YES | F19: YES
A20: 15 | B20: https://www.nike.com | C20: https://www.nike.com/gb/en_gb/c/nikeid | E20: YES | F20: YES | G20: YES
A21: 16 | B21: https://www.burgerking.co.uk/ | C21: https://www.bk-feedback-uk.com/Index.aspx?c=091707 | E21: YES | F21: YES
A22: 17 | B22: https://www.dyson.co.uk/en.html | C22: https://www.dyson.com.au/support/hd01/dyson-supersonic-purple-nickel-309701-01/using-your-dyson-appliance/functions/useful/feedback-form | E22: YES | F22: YES
A23: 18 | B23: https://www.cadbury.co.uk/ | C23: https://www.cadbury.com.au/About-Cadbury/Contact-Us.aspx | E23: YES | F23: YES
A24: 19 | B24: https://www.coca-cola.co.uk/ | C24: https://www.coca-cola.co.uk/about-us/coca-cola-gbs-consumer-interaction-centre | E24: YES | F24: YES
A25: 20 | B25: https://www.virginatlantic.com/ | C25: https://www.virginatlantic.com/contactus/pages/comment_complaint/index.jsp | E25: YES | F25: YES
A26: 21 | B26: https://www.lego.com/en-gb/ | C26: https://www.lego.com/en-gb/aboutus/contact/product-ideas | E26: YES | F26: YES | G26: YES
A27: 22 | B27: https://www.nike.com | C27: https://www.nike.com/gb/en_gb/c/nikeid | E27: YES | F27: YES | G27: YES
A28: 23 | B28: https://www.wilko.com/ | C28: https://www.wilkohaveyoursay.com/websurvey/2/execute#/1 | E28: YES | F28: YES
A29: 24 | B29: https://www.toyota-global.com/ | C29: https://www.toyota.co.uk/contact-us/ | E29: YES | F29: YES | G29: YES
A30: 25 | B30: https://www.jnj.com/ | C30: https://www.ccc-consumercarecenter.com/UCUConfiguration?id=a0758000004NIaL | E30: YES | F30: YES
A31: 26 | B31: https://www.kfc.co.uk/ | C31: https://u.kfcvisit.com/gbr?AspxAutoDetectCookieSupport=1 | E31: YES | F31: YES
A32: 27 | B32: https://www.nestle.co.uk/ | C32: https://www.nestle.co.uk/getintouch/emailme | E32: YES | F32: YES
A33: 28 | B33: https://www.unilever.co.uk/ | C33: https://www.unilever.com/about/innovation/open-innovation/ | E33: YES | F33: YES
A34: 29 | B34: https://www.tescoplc.com/ | C34: https://www.tescoviews.com/websurvey/2/execute#/1 | E34: YES | F34: YES
A35: 30 | B35: https://investors.petsathome.com/ | C35: https://www.petsathome.com/shop/en/pets/contact-us | E35: YES | F35: YES
A36: 31 | B36: http://www.kraftheinzcompany.com/index.html | C36: http://www.kraftheinzcompany.com/terms.html | E36: YES | F36: YES
A37: 32 | B37: https://www.biffa.co.uk/ | C37: https://www.biffa.co.uk/customer-feedback-2/ | E37: YES | F37: YES
A38: 33 | B38: https://www.clarks.com/index.html | C38: https://www.clarkscustomerfeedback.com/gbr?AspxAutoDetectCookieSupport=1 | E38: YES | F38: YES
A39: 34 | B39: https://www.about.sainsburys.co.uk/ | C39: https://help.sainsburys.co.uk/help/products/product-request-after | E39: YES | F39: YES
A40: 35 | B40: https://corporate.marksandspencer.com/home | C40: https://www.marksandspencer.com/MSContactUsCmd?storeId=10151&langId=-24&catalogId=10051&categoryId=282501&byEmail=9 | E40: YES | F40: YES
A41: 36 | B41: https://www.harrods.com/en-gb/harrods-group | C41: https://www.harrods.com/en-gb/contact-us?icid=footer_customer-services_contact-us | E41: YES | F41: YES
... A45: 40 | B45: http://www.sportsdirectplc.com/ | C45: https://www.sportsdirect.com/customerservices/otherinformation | E45: YES | F45: YES
A46: 41 | B46: https://www.volkswagen.co.uk/ | C46: https://www.volkswagen.co.uk/new/golf-vii-pa | E46: YES | F46: YES | G46: YES
A47: 42 | B47: https://new.abb.com/ | C47: https://new.abb.com/news/detail/3883/prosumers-pave-path-to-energy-self-reliance-for-sustainable-living | E47: YES | F47: YES
A48: 43 | B48: https://www.microsoft.com/en-gb/about/ | C48: https://answers.microsoft.com/en-us/windows/forum/windows_8-windows_store/how-to-submit-product-suggestions-or-feedback/a9925a33-ea39-455c-b54c-cd65a6109519 | E48: YES | F48: YES
A49: 44 | B49: https://www.google.co.uk/about/ | C49: https://support.google.com/a/answer/6284762?hl=en | E49: YES | F49: YES | G49: YES
A50: 45 | B50: https://www.vodafone.co.uk | C50: https://forum.vodafone.co.uk/t5/Network-queries/Vodafone-Suggestion-Contact/td-p/2576192 | E50: YES | F50: YES | G50: YES
A51: 46 | B51: https://www.costa.co.uk/ | C51: https://www.costa.co.uk/contact/ | E51: YES | F51: YES
A52: 47 | B52: https://www.asosplc.com/ | C52: https://www.asos.com/discover/insiders/ | E52: YES | F52: YES
A53: 48 | B53: https://www.bbc.co.uk/ | C53: https://www.bbc.co.uk/commissioning/tv/ideas-from-the-public | E53: YES | F53: YES | G53: YES
A54: 49 | B54: https://www.gsk.com/ | C54: https://innovation.gsk.com/new-product-ideas | E54: YES | F54: YES | G54: YES
A55: 50 | B55: https://corporate.asda.com/ | C55: https://www.tellasda.com/ | E55: YES | F55: YES
A56: 51 | B56: https://www.btplc.com/ | C56: https://community.bt.com/t5/Ideas-Bank/idb-p/IdeasBank | E56: YES | F56: YES | G56: YES
A57: 52 | B57: http://www.unitedbiscuits.com/ | C57: http://www.unitedbiscuits.com/media-centre/contact-us/ | E57: YES | F57: YES
A58: 53 | B58: https://www.kelloggs.co.uk/en_GB/home.html | C58: https://www.kelloggs.co.uk/en_GB/contact-us.html | E58: YES | F58: YES
A59: 54 | B59: https://www.twinings.co.uk/ | C59: https://www.twinings.co.uk/contact-us | E59: YES | F59: YES
A60: 55 | B60: https://www.ferrero.com/ | C60: https://www.ferrero.com/group-news/Ferrero-launches-“FERRERO-HAZELNUT-AWARD-CONTEST”-to-support-research-and-innovation-in-the-haze | E60: YES | F60: YES
A61: 56 | B61: https://www.landrover.co.uk/index.html | C61: https://www.landrover.co.uk/build-your-own/index.html | E61: YES | F61: YES | G61: YES
A62: 57 | B62: https://www.mars.com/uk/en/brands | C62: https://www.mars.com/uk/en/about-us/contact-us | E62: YES | F62: YES
A63: 58 | B63: https://pandoragroup.com/ | C63: https://www.pandora.net/en-ie/campaigns/disney-mickeys-90 | E63: YES | F63: YES | G63: YES
A64: 59 | B64: http://www.pepsico.com/ | C64: https://reginagriffithpepsi.weebly.com/recommendation.html | E64: YES | F64: YES
A65: 60 | B65: https://plc.autotrader.co.uk/ | C65: https://plc.autotrader.co.uk/contact-us/ | E65: YES | F65: YES | G65: YES
A66: 61 | B66: https://www.axa.co.uk/home.aspx | C66: https://www.axa.co.uk/insurance/personal/contact/ | E66: YES | F66: YES | G66: YES
A67: 62 | B67: https://us.pg.com/ | C67: https://pgconsumersupport.secure.force.com/ContactUs/articles/en_US/FAQ/How-do-I-give-you-my-idea-for-a-new-product?l=en_US&Brand=Always+discreet&Language=English-US&Country=United+States+of+America&fs=Search&pn=1 | E67: YES | F67: YES
A68: 63 | B68: https://www.warburtons.co.uk/ | C68: https://www.warburtons.co.uk/contact-us | E68: YES | F68: YES
A69: 64 | B69: http://www.bernardmatthews.com/ | C69: http://www.bernardmatthews.com/contact-us | E69: YES | F69: YES
A70: 65 | B70: https://www.itvplc.com/ | C70: https://www.itv.com/contactus | E70: YES | F70: YES
A71: 66 | B71: https://www.jcb.com/en-gb | C71: https://www.greenshieldsjcb.com/generators/ | E71: YES | F71: YES | G71: YES
A72: 67 | B72: https://www.fiat.co.uk/ | C72: https://www.fiat.co.uk/fiat-500-range/fiat-500-configurator/ | E72: YES | F72: YES | G72: YES
A73: 68 | B73: https://www.aviva.co.uk/ | C73: https://www.aviva.co.uk/contact-us/ | E73: YES | F73: YES | G73: YES
A74: 69 | B74: https://www.renault.co.uk/ | C74: https://www.renault.co.uk/vehicles/configure.html | E74: YES | F74: YES | G74: YES
A75: 70 | B75: https://www.zurich.co.uk/ | C75: https://www.zurich.co.uk/en/about-us/contact-us | E75: YES | F75: YES | G75: YES

Sheet Incentives
A1: Incentives which Enterprises use to encourage prosumers to share knowledge
A3: Empty cells should be filled in by the URL addresses (i.e. https://www.shoesofprey.com/) of the web pages on which it was possible to observe prosumers activities connected with their ideas or kwledge. Subsequently these URLs will be use to verify the realibilty of gathered data. Grey cells (B and C columns) are fulling in automatically.
A5: . | B5: Company name | C5: Short description of observed prosumers activity | D5: What incentives interest you - Material rewards (e.g free gifts, souvenirs) | E5: Monetary compensation | F5: Testing of prototypes | G5: Free samples of products | H5: Bonus points with financial value | I5: Personal benefits (e.g. enhancing the expertise, status or recognition; being a part of the community; pride of excellence; need to learn more) | J5: Other - what other incentives interest you?
A6: 1 | B6: ='Business Processes'!B8 -> https://www.pukkaherbs.com/ | C6: ='Business Processes'!J8 -> https://www.pukkaherbs.com/your-wellbeing/stories/people/partners/bizgive/ https://www.pukkaherbs.com/media/76569880/pukka-sustainability-highlights-2016.pdf https://www.pukkaherbs.com/our-mission/inspiring-change/ | D6: YES | I6: YES | J6: Competitions
A7: 2 | B7: ='Business Processes'!B9 -> www.Dell.com | C7: ='Business Processes'!J9 -> http://www.ideastorm.com/ | J7: Dell Community Rockstar
A8: 3 | B8: ='Business Processes'!B10 -> https://twitter.com/ | C8: ='Business Processes'!J10 -> https://books.google.co.uk/books?isbn=1473987490
A9: 4 | B9: ='Business Processes'!B11 -> https://www.amazon.co.uk/ | C9: ='Business Processes'!J11 -> https://www.amazon.co.uk/
A10: 5 | B10: ='Business Processes'!B12 -> https://www.facebook.com/ | C10: ='Business Processes'!J12 -> https://www.facebook.com/
A11: 6 | B11: ='Business Processes'!B13 -> https://www.uber.com/ | C11: ='Business Processes'!J13 -> https://www.uber.com/
A12: 7 | B12: ='Business Processes'!B14 -> https://www.youtube.com/ | C12: ='Business Processes'!J14 -> https://www.youtube.com/
A13: 8 | B13: https://www.o2.co.uk/ | C13: ='Business Processes'!J15 -> http://static.o2.co.uk/www/docs/thinkbig/think-big-blueprint-1-progress-report-2012-to-2015.pdf | D13: YES | E13: YES | I13: YES | J13: competitions
A14: 9 | B14: https://www.apple.com/uk/ | C14: ='Business Processes'!J16 -> https://support.apple.com/en-gb | E14: YES | I14: YES | J14: competitors and techlogy change
A15: 10 | B15: http://ee.co.uk/ | C15: ='Business Processes'!J17 -> http://ee.co.uk/our-company/corporate-responsibility/building-trust/our-customers | D15: YES | E15: YES | I15: YES | J15: competitions
A16: 11 | B16: https://www.ikea.com/gb/en/ | C16: https://www.ikea.com/gb/en/this-is-ikea/the-ikea-concept/
A17: 12 | B17: https://www.mcdonalds.com/gb/en-gb.html | C17: Unable to find information on website but on visiting a number of McDonalds the consumer is now able to order via a touch screen and customise their food. | D17: YES
A18: 13 | B18: https://www.samsung.com/uk/ | C18: https://www.samsung.com/uk/retail/retail/ | E18: YES
A19: 14 | B19: https://www.loreal.com/ | C19: https://www.loreal.com/contact-us
A20: 15 | B20: https://www.nike.com | C20: https://www.nike.com/gb/en_gb/c/nikeid | G20: YES | I20: YES
A21: 16 | B21: https://www.burgerking.co.uk/ | C21: https://www.bk-feedback-uk.com/Index.aspx?c=091707
A22: 17 | B22: https://www.dyson.co.uk/en.html | C22: https://www.dyson.com.au/support/hd01/dyson-supersonic-purple-nickel-309701-01/using-your-dyson-appliance/functions/useful/feedback-form
A23: 18 | B23: https://www.cadbury.co.uk/ | C23: https://www.cadbury.com.au/About-Cadbury/Contact-Us.aspx
A24: 19 | B24: https://www.coca-cola.co.uk/ | C24: https://www.coca-cola.co.uk/about-us/coca-cola-gbs-consumer-interaction-centre | G24: YES
A25: 20 | B25: https://www.virginatlantic.com/ | C25: https://www.virginatlantic.com/contactus/pages/comment_complaint/index.jsp | E25: YES
A26: 21 | B26: https://www.lego.com/en-gb/ | C26: https://www.lego.com/en-gb/aboutus/contact/product-ideas | D26: YES
A27: 2 | B27: https://www.nike.com | C27: https://www.nike.com/gb/en_gb/c/nikeid | G27: YES | I27: YES
A28: 23 | B28: https://www.wilko.com/ | C28: https://www.wilkohaveyoursay.com/websurvey/2/execute#/1 | D28: YES | G28: YES | I28: YES
A29: 24 | B29: https://www.toyota-global.com/ | C29: https://www.toyota.co.uk/contact-us/ | E29: YES
A30: 25 | B30: https://www.jnj.com/ | C30: https://www.ccc-consumercarecenter.com/UCUConfiguration?id=a0758000004NIaL
A31: 26 | B31: https://www.kfc.co.uk/ | C31: https://u.kfcvisit.com/gbr?AspxAutoDetectCookieSupport=1 | D31: YES | G31: YES | I31: YES
A32: 27 | B32: https://www.nestle.co.uk/ | C32: https://www.nestle.co.uk/getintouch/emailme
A33: 28 | B33: https://www.unilever.co.uk/ | C33: https://www.unilever.com/about/innovation/open-innovation/
A34: 29 | B34: https://www.tescoplc.com/ | C34: https://www.tescoviews.com/websurvey/2/execute#/1 | D34: YES
A35: 30 | B35: https://investors.petsathome.com/ | C35: https://www.petsathome.com/shop/en/pets/contact-us | D35: YES
A36: 31 | B36: http://www.kraftheinzcompany.com/index.html | C36: http://www.kraftheinzcompany.com/terms.html
A37: 32 | B37: https://www.biffa.co.uk/ | C37: https://www.biffa.co.uk/customer-feedback-2/
A38: 33 | B38: https://www.clarks.com/index.html | C38: https://www.clarkscustomerfeedback.com/gbr?AspxAutoDetectCookieSupport=1 | D38: YES
A39: 34 | B39: https://www.about.sainsburys.co.uk/ | C39: https://help.sainsburys.co.uk/help/products/product-request-after | D39: YES
A40: 35 | B40: https://corporate.marksandspencer.com/home | C40: https://www.marksandspencer.com/MSContactUsCmd?storeId=10151&langId=-24&catalogId=10051&categoryId=282501&byEmail=9 | D40: YES
A41: 36 | B41: https://www.harrods.com/en-gb/harrods-group | C41: https://www.harrods.com/en-gb/contact-us?icid=footer_customer-services_contact-us
A42: 37 | B42: https://www.poundland.co.uk/ | C42: https://www.poundland.co.uk/promotions/customer-survey/ | D42: YES | J42: Competitions
A43: 38 | B43: http://www.newlookgroup.com/ | C43: https://help-uk.newlook.com/hc/en-gb/sections/360002143331-Store-Feedback- | D43: YES | J43: Competitions
A44: 39 | B44: https://www.aldi.co.uk/ | C44: https://customerservice.aldi.co.uk/contact | D44: YES | J44: Competitions
A45: 40 | B45: http://www.sportsdirectplc.com/ | C45: https://www.sportsdirect.com/customerservices/otherinformation | D45: YES
A46: 41 | B46: https://www.volkswagen.co.uk/ | C46: https://www.volkswagen.co.uk/new/golf-vii-pa | E46: YES
A47: 42 | B47: https://new.abb.com/ | C47: https://new.abb.com/news/detail/3883/prosumers-pave-path-to-energy-self-reliance-for-sustainable-living
A48: 43 | B48: https://www.microsoft.com/en-gb/about/ | C48: https://answers.microsoft.com/en-us/windows/forum/windows_8-windows_store/how-to-submit-product-suggestions-or-feedback/a9925a33-ea39-455c-b54c-cd65a6109519
A49: 44 | B49: https://www.google.co.uk/about/ | C49: https://support.google.com/a/answer/6284762?hl=en
A50: 45 | B50: https://www.vodafone.co.uk | C50: https://forum.vodafone.co.uk/t5/Network-queries/Vodafone-Suggestion-Contact/td-p/2576192 | D50: YES | E50: YES
A51: 46 | B51: https://www.costa.co.uk/ | C51: https://www.costa.co.uk/contact/ | D51: YES | E51: YES | G51: YES
A52: 47 | B52: https://www.asosplc.com/ | C52: https://www.asos.com/discover/insiders/ | D52: YES | E52: YES | J52: Competitions
A53: 48 | B53: https://www.bbc.co.uk/ | C53: https://www.bbc.co.uk/commissioning/tv/ideas-from-the-public
A54: 49 | B54: https://www.gsk.com/ | C54: https://innovation.gsk.com/new-product-ideas
A55: 50 | B55: https://corporate.asda.com/ | C55: https://www.tellasda.com/ | D55: YES | E55: YES | J55: Competitions
A56: 51 | B56: https://www.btplc.com/ | C56: https://community.bt.com/t5/Ideas-Bank/idb-p/IdeasBank | D56: YES | E56: YES
A57: 52 | B57: http://www.unitedbiscuits.com/ | C57: http://www.unitedbiscuits.com/media-centre/contact-us/ | D57: YES | G57: YES
A58: 53 | B58: https://www.kelloggs.co.uk/en_GB/home.html | C58: https://www.kelloggs.co.uk/en_GB/contact-us.html | G58: YES
A59: 54 | B59: https://www.twinings.co.uk/ | C59: https://www.twinings.co.uk/contact-us | G59: YES
A60: 55 | B60: https://www.ferrero.com/ | C60: https://www.ferrero.com/group-news/Ferrero-launches-“FERRERO-HAZELNUT-AWARD-CONTEST”-to-support-research-and-innovation-in-the-haze | D60: YES | G60: YES | J60: Competitions
A61: 56 | B61: https://www.landrover.co.uk/index.html | C61: https://www.landrover.co.uk/build-your-own/index.html | J61: Competitions
A62: 57 | B62: https://www.mars.com/uk/en/brands | C62: https://www.mars.com/uk/en/about-us/contact-us | G62: YES | J62: Competitions
A63: 58 | B63: https://pandoragroup.com/ | C63: https://www.pandora.net/en-ie/campaigns/disney-mickeys-90 | D63: YES | J63: Competitions
A64: 59 | B64: http://www.pepsico.com/ | C64: https://reginagriffithpepsi.weebly.com/recommendation.html | G64: YES | J64: Competitions
A65: 60 | B65: https://plc.autotrader.co.uk/ | C65: https://plc.autotrader.co.uk/contact-us/ | D65: YES | G65: YES
A66: 61 | B66: https://www.axa.co.uk/home.aspx | C66: https://www.axa.co.uk/insurance/personal/contact/ | E66: YES | G66: YES
A67: 62 | B67: https://us.pg.com/ | C67: https://pgconsumersupport.secure.force.com/ContactUs/articles/en_US/FAQ/How-do-I-give-you-my-idea-for-a-new-product?l=en_US&Brand=Always+discreet&Language=English-US&Country=United+States+of+America&fs=Search&pn=1
A68: 63 | B68: https://www.warburtons.co.uk/ | C68: https://www.warburtons.co.uk/contact-us | D68: YES
A69: 64 | B69: http://www.bernardmatthews.com/ | C69: http://www.bernardmatthews.com/contact-us | D69: YES | E69: YES
A70: 65 | B70: https://www.itvplc.com/ | C70: https://www.itv.com/contactus | D70: YES
A71: 66 | B71: https://www.jcb.com/en-gb | C71: https://www.greenshieldsjcb.com/generators/
A72: 67 | B72: https://www.fiat.co.uk/ | C72: https://www.fiat.co.uk/fiat-500-range/fiat-500-configurator/
A73: 68 | B73: https://www.aviva.co.uk/ | C73: https://www.aviva.co.uk/contact-us/ | D73: YES | E73: YES | G73: YES
A74: 69 | B74: https://www.renault.co.uk/ | C74: https://www.renault.co.uk/vehicles/configure.html
A75: 70 | B75: https://www.zurich.co.uk/ | C75: https://www.zurich.co.uk/en/about-us/contact-us | D75: YES | E75: YES | G75: YES

Sheet ICT
A1: Information and communication technologies (ICT) which serve as a tool to ahare knowledge
A3: Empty cells should be filled in by the URL addresses (i.e. https://www.shoesofprey.com/) of the web pages on which it was possible to observe prosumers activities connected with their ideas or kNOwledge. Subsequently these URLs will be use to verify the realibilty of gathered data. Grey cells (B and C columns) are fulling in automatically.
A5: NO. | B5: Company name | C5: Short description of observed prosumers activity | D5: Do you use the ICTs to commuciate with the company -E-mails | E5: Internet forums | F5: Own organizations' websites | G5: Specialized organizations' websites | H5: Popular information websites | I5: Industry specialized portals | J5: Mobile applications | K5: Facebook | L5: Online surveys | M5: Other
A6: 1 | B6: ='Business Processes'!B8 -> https://www.pukkaherbs.com/ | C6: ='Business Processes'!J8 -> https://www.pukkaherbs.com/your-wellbeing/stories/people/partners/bizgive/ https://www.pukkaherbs.com/media/76569880/pukka-sustainability-highlights-2016.pdf https://www.pukkaherbs.com/our-mission/inspiring-change/ | D6: YES | F6: YES | J6: YES | K6: YES | M6: Twitter, Blog, Google
A7: =A6+1 -> 2 | B7: ='Business Processes'!B9 -> www.Dell.com | C7: ='Business Processes'!J9 -> http://www.ideastorm.com/ | D7: YES | E7: YES | F7: YES | G7: YES | J7: YES | K7: YES
A8: =A7+1 -> 3 | B8: ='Business Processes'!B10 -> https://twitter.com/ | C8: ='Business Processes'!J10 -> https://books.google.co.uk/books?isbn=1473987490
A9: =A8+1 -> 4 | B9: ='Business Processes'!B11 -> https://www.amazon.co.uk/ | C9: ='Business Processes'!J11 -> https://www.amazon.co.uk/
A10: =A9+1 -> 5 | B10: ='Business Processes'!B12 -> https://www.facebook.com/ | C10: ='Business Processes'!J12 -> https://www.facebook.com/
A11: =A10+1 -> 6 | B11: ='Business Processes'!B13 -> https://www.uber.com/ | C11: ='Business Processes'!J13 -> https://www.uber.com/
A12: =A11+1 -> 7 | B12: ='Business Processes'!B14 -> https://www.youtube.com/ | C12: ='Business Processes'!J14 -> https://www.youtube.com/
A13: =A12+1 -> 8 | B13: https://www.o2.co.uk/ | C13: http://static.o2.co.uk/www/docs/thinkbig/think-big-blueprint-1-progress-report-2012-to-2015.pdf | D13: YES | E13: YES | F13: YES | G13: YES | H13: YES | J13: YES | K13: YES | L13: YES | M13: Twitter, Google, facebook
A14: =A13+1 -> 9 | B14: https://www.apple.com/uk/ | C14: https://support.apple.com/en-gb | D14: YES | E14: YES | F14: YES | G14: YES | H14: YES | J14: YES | K14: YES | L14: YES | M14: Twitter, Google, facebook
A15: =A14+1 -> 10 | B15: http://ee.co.uk/ | C15: http://ee.co.uk/our-company/corporate-responsibility/building-trust/our-customers | D15: YES | E15: YES | F15: YES | G15: YES | H15: YES | J15: YES | K15: YES | L15: YES | M15: Twitter, Google, facebook
A16: =A15+1 -> 11 | B16: https://www.ikea.com/gb/en/ | C16: https://www.ikea.com/gb/en/this-is-ikea/the-ikea-concept/ | D16: YES | F16: YES | G16: YES | H16: YES
A17: =A16+1 -> 12 | B17: https://www.mcdonalds.com/gb/en-gb.html | C17: Unable to find information on website but on visiting a number of McDonalds the consumer is now able to order via a touch screen and customise their food. | D17: YES | H17: YES
A18: =A17+1 -> 13 | B18: https://www.samsung.com/uk/ | C18: https://www.samsung.com/uk/retail/retail/ | D18: YES | E18: YES | F18: YES | G18: YES | H18: YES
A19: =A18+1 -> 14 | B19: https://www.loreal.com/ | C19: https://www.loreal.com/contact-us | D19: YES | F19: YES | G19: YES
A20: =A19+1 -> 15 | B20: https://www.nike.com | C20: https://www.nike.com/gb/en_gb/c/nikeid | D20: YES | F20: YES | G20: YES | H20: YES
A21: 16 | B21: https://www.burgerking.co.uk/ | C21: https://www.bk-feedback-uk.com/Index.aspx?c=091707 | D21: YES | F21: YES | G21: YES | H21: YES
A22: =A21+1 -> 17 | B22: https://www.dyson.co.uk/en.html | C22: https://www.dyson.com.au/support/hd01/dyson-supersonic-purple-nickel-309701-01/using-your-dyson-appliance/functions/useful/feedback-form | D22: YES | E22: YES | F22: YES | G22: YES | H22: YES
A23: =A22+1 -> 18 | B23: https://www.cadbury.co.uk/ | C23: https://www.cadbury.com.au/About-Cadbury/Contact-Us.aspx | D23: YES | F23: YES | G23: YES
A24: =A23+1 -> 19 | B24: https://www.coca-cola.co.uk/ | C24: https://www.coca-cola.co.uk/about-us/coca-cola-gbs-consumer-interaction-centre | D24: YES | F24: YES | G24: YES
A25: =A24+1 -> 20 | B25: https://www.virginatlantic.com/ | C25: https://www.virginatlantic.com/contactus/pages/comment_complaint/index.jsp | D25: YES | E25: YES | F25: YES | G25: YES | H25: YES
A26: =A25+1 -> 21 | B26: https://www.lego.com/en-gb/ | C26: https://www.lego.com/en-gb/aboutus/contact/product-ideas | D26: YES | F26: YES | G26: YES
A27: =A26+1 -> 22 | B27: https://www.nike.com | C27: https://www.nike.com/gb/en_gb/c/nikeid | D27: YES | F27: YES | G27: YES | H27: YES
A28: =A27+1 -> 23 | B28: https://www.wilko.com/ | C28: https://www.wilkohaveyoursay.com/websurvey/2/execute#/1 | D28: YES | F28: YES | G28: YES
A29: =A28+1 -> 24 | B29: https://www.toyota-global.com/ | C29: https://www.toyota.co.uk/contact-us/ | D29: YES | E29: YES | F29: YES | G29: YES
A30: =A29+1 -> 25 | B30: https://www.jnj.com/ | C30: https://www.ccc-consumercarecenter.com/UCUConfiguration?id=a0758000004NIaL | D30: YES | E30: YES | F30: YES | G30: YES
A31: =A30+1 -> 26 | B31: https://www.kfc.co.uk/ | C31: https://u.kfcvisit.com/gbr?AspxAutoDetectCookieSupport=1 | D31: YES | F31: YES | G31: YES
A32: =A31+1 -> 27 | B32: https://www.nestle.co.uk/ | C32: https://www.nestle.co.uk/getintouch/emailme | D32: YES | F32: YES | G32: YES
A33: =A32+1 -> 28 | B33: https://www.unilever.co.uk/ | C33: https://www.unilever.com/about/innovation/open-innovation/ | D33: YES | F33: YES | G33: YES
A34: =A33+1 -> 29 | B34: https://www.tescoplc.com/ | C34: https://www.tescoviews.com/websurvey/2/execute#/1 | D34: YES | E34: YES | F34: YES | G34: YES
A35: 30 | B35: https://investors.petsathome.com/ | C35: https://www.petsathome.com/shop/en/pets/contact-us | D35: YES | E35: YES | F35: YES | G35: YES
A36: 31 | B36: http://www.kraftheinzcompany.com/index.html | C36: http://www.kraftheinzcompany.com/terms.html | D36: YES | F36: YES | G36: YES
A37: 32 | B37: https://www.biffa.co.uk/ | C37: https://www.biffa.co.uk/customer-feedback-2/ | D37: YES | E37: YES | F37: YES | G37: YES
A38: 33 | B38: https://www.clarks.com/index.html | C38: https://www.clarkscustomerfeedback.com/gbr?AspxAutoDetectCookieSupport=1 | D38: YES | F38: YES | G38: YES
A39: 34 | B39: https://www.about.sainsburys.co.uk/ | C39: https://help.sainsburys.co.uk/help/products/product-request-after | D39: YES | F39: YES | G39: YES
A40: 35 | B40: https://corporate.marksandspencer.com/home | C40: https://www.marksandspencer.com/MSContactUsCmd?storeId=10151&langId=-24&catalogId=10051&categoryId=282501&byEmail=9 | D40: YES | F40: YES | G40: YES
A41: 36 | B41: https://www.harrods.com/en-gb/harrods-group | C41: https://www.harrods.com/en-gb/contact-us?icid=footer_customer-services_contact-us | D41: YES | F41: YES | G41: YES
A42: 37 | B42: https://www.poundland.co.uk/ | C42: https://www.poundland.co.uk/promotions/customer-survey/ | D42: YES | F42: YES | G42: YES
A43: 38 | B43: http://www.newlookgroup.com/ | C43: https://help-uk.newlook.com/hc/en-gb/sections/360002143331-Store-Feedback- | D43: YES | F43: YES | G43: YES
A44: 39 | B44: https://www.aldi.co.uk/ | C44: https://customerservice.aldi.co.uk/contact | D44: YES | F44: YES | G44: YES
A45: 40 | B45: http://www.sportsdirectplc.com/ | C45: https://www.sportsdirect.com/customerservices/otherinformation | D45: YES | F45: YES | G45: YES
A46: =A45+1 -> 41 | B46: https://www.volkswagen.co.uk/ | C46: https://www.volkswagen.co.uk/new/golf-vii-pa | D46: YES | E46: YES | F46: YES | G46: YES
A47: =A46+1 -> 42 | B47: https://new.abb.com/ | C47: https://new.abb.com/news/detail/3883/prosumers-pave-path-to-energy-self-reliance-for-sustainable-living | D47: YES | E47: YES | F47: YES | G47: YES
A48: =A47+1 -> 43 | B48: https://www.microsoft.com/en-gb/about/ | C48: https://answers.microsoft.com/en-us/windows/forum/windows_8-windows_store/how-to-submit-product-suggestions-or-feedback/a9925a33-ea39-455c-b54c-cd65a6109519 | D48: YES | E48: YES | F48: YES | G48: YES
A49: =A48+1 -> 44 | B49: https://www.google.co.uk/about/ | C49: https://support.google.com/a/answer/6284762?hl=en | D49: YES | E49: YES | F49: YES | G49: YES
A50: =A49+1 -> 45 | B50: https://www.vodafone.co.uk | C50: https://forum.vodafone.co.uk/t5/Network-queries/Vodafone-Suggestion-Contact/td-p/2576192 | D50: YES | E50: YES | F50: YES | G50: YES
A51: =A50+1 -> 46 | B51: https://www.costa.co.uk/ | C51: https://www.costa.co.uk/contact/ | D51: YES | F51: YES | G51: YES
A52: =A51+1 -> 47 | B52: https://www.asosplc.com/ | C52: https://www.asos.com/discover/insiders/ | D52: YES | F52: YES | G52: YES
A53: =A52+1 -> 48 | B53: https://www.bbc.co.uk/ | C53: https://www.bbc.co.uk/commissioning/tv/ideas-from-the-public | D53: YES | E53: YES | F53: YES | G53: YES
A54: =A53+1 -> 49 | B54: https://www.gsk.com/ | C54: https://innovation.gsk.com/new-product-ideas | D54: YES | E54: YES | F54: YES | G54: YES
A55: =A54+1 -> 50 | B55: https://corporate.asda.com/ | C55: https://www.tellasda.com/ | D55: YES | F55: YES | G55: YES
A56: =A55+1 -> 51 | B56: https://www.btplc.com/ | C56: https://community.bt.com/t5/Ideas-Bank/idb-p/IdeasBank | D56: YES | E56: YES | F56: YES | G56: YES
A57: 52 | B57: http://www.unitedbiscuits.com/ | C57: http://www.unitedbiscuits.com/media-centre/contact-us/
A58: =A57+1 -> 53 | B58: https://www.kelloggs.co.uk/en_GB/home.html | C58: https://www.kelloggs.co.uk/en_GB/contact-us.html
A59: =A58+1 -> 54 | B59: https://www.twinings.co.uk/ | C59: https://www.twinings.co.uk/contact-us
A60: =A59+1 -> 55 | B60: https://www.ferrero.com/ | C60: https://www.ferrero.com/group-news/Ferrero-launches-“FERRERO-HAZELNUT-AWARD-CONTEST”-to-support-research-and-innovation-in-the-haze
A61: =A60+1 -> 56 | B61: https://www.landrover.co.uk/index.html | C61: https://www.landrover.co.uk/build-your-own/index.html
A62: =A61+1 -> 57 | B62: https://www.mars.com/uk/en/brands | C62: https://www.mars.com/uk/en/about-us/contact-us
A63: =A62+1 -> 58 | B63: https://pandoragroup.com/ | C63: https://www.pandora.net/en-ie/campaigns/disney-mickeys-90
A64: =A63+1 -> 59 | B64: http://www.pepsico.com/ | C64: https://reginagriffithpepsi.weebly.com/recommendation.html
A65: =A64+1 -> 60 | B65: https://plc.autotrader.co.uk/ | C65: https://plc.autotrader.co.uk/contact-us/
A66: =A65+1 -> 61 | B66: https://www.axa.co.uk/home.aspx | C66: https://www.axa.co.uk/insurance/personal/contact/
A67: =A66+1 -> 62 | B67: https://us.pg.com/ | C67: https://pgconsumersupport.secure.force.com/ContactUs/articles/en_US/FAQ/How-do-I-give-you-my-idea-for-a-new-product?l=en_US&Brand=Always+discreet&Language=English-US&Country=United+States+of+America&fs=Search&pn=1
A68: =A67+1 -> 63 | B68: https://www.warburtons.co.uk/ | C68: https://www.warburtons.co.uk/contact-us
A69: =A68+1 -> 64 | B69: http://www.bernardmatthews.com/ | C69: http://www.bernardmatthews.com/contact-us
... A75: =A74+1 -> 70 | B75: https://www.zurich.co.uk/ | C75: https://www.zurich.co.uk/en/about-us/contact-us
